Cogmind - Beta 16 @@@ ROGUE MODE // 2025.11.19 @ 22:42:28 Player: GiggleBox Result: Destroyed by B-74 Champion with Powered Hammer Performance ------------- Evolutions (9) 4500 Regions Visited (35) 7000 Robots Destroyed (735) 3675 Value Destroyed (38235) 38235 Prototype IDs (69) 1380 Alien Tech Used (2) 400 Bonus (20054) 20054 TOTAL SCORE: 75244 Bonus ------- Triggered High Security 500 High Alert Combat Kills 11966 Follower Combat Kills 2264 Entered Garrisons 800 Aligned with FarCom 300 Met Data Miner 300 Acquired ECA 300 Met Zhirov 300 Built Enhanced Grunts 300 A7 Reached Mainframe 300 Met R17 at Cetus 500 Met R17 at Research 2000 Scanned by Researcher 500 Friendly Fire -276 Cogmind --------- Core Integrity 0/1600 Matter 80/300 Energy 100/100 System Corruption 0% Temperature Cool (8) Movement Core (50) Location -1/Access Parts ------- > --- POWER (1) -------- (None) > --- PROPULSION (6) --- (None) > --- UTILITY (12) ----- (None) > --- WEAPON (6) ------- (None) > --- INVENTORY (5) ---- KE Penetrator Enhanced Hardcell Cannon Enhanced Hardcell Cannon Enhanced Hardcell Cannon Peak State ------------ > --- POWER ------------ Quantum Reactor > --- PROPULSION ------- Improved Heavy Treads Centrium Heavy Treads Centrium Heavy Treads > --- UTILITY ---------- Advanced Cooling System Huge Storage Unit Experimental Optical Array Advanced Terrain Scanner Experimental Targeting Computer Advanced Target Analyzer Experimental Core Analyzer Matter Filter Advanced Weapon Cycler Improved Transmission Jammer Centrium Medium Armor Plating Centrium Medium Armor Plating > --- WEAPON ----------- Railgun Railgun Advanced KE Penetrator Hypervelocity Railgun Helical Railgun Enhanced Hardcell Cannon > --- INVENTORY -------- Quantum Reactor Improved Heavy Treads Centrium Heavy Treads Advanced Heavy Siege Treads Improved Matter Compressor Advanced Signal Interpreter Centrium Medium Armor Plating Graphene Brace Point Defense System Splice Drone Bay Transdimensional Reconstructor Advanced Variable Charge Gun Heavy Machine Gun KE Penetrator KE Penetrator KE Penetrator Railgun Enhanced Hardcell Cannon Enhanced Hardcell Cannon Long-range Missile Launcher Power Sword [Rating: 204] Favorites ----------- Power Quantum Reactor Engine Improved Ion Engine Power Core Light Fission Core Reactor Quantum Reactor Propulsion Light Treads Treads Light Treads Leg Advanced Myomer Leg Hover Unit Combat Linear Gravjet Flight Unit Cesium-ion Thruster Utility Advanced Targeting Computer Device Advanced Cooling System Storage Huge Storage Unit Processor Advanced Targeting Computer Hackware Makeshift System Shield Protection Centrium Medium Armor Plating Weapon Enhanced Autogun Energy Gun Medium Laser Energy Cannon Advanced Plasma Cannon Ballistic Gun Enhanced Autogun Ballistic Cannon Enhanced Hardcell Cannon Launcher Long-range Missile Launcher Impact Weapon Heavy Flail Slashing Weapon Power Sword Build | -11 -10 -10 -9 -9 -9 -8 -8 -8 -8 -8 -8 -7 -7 -6 -6 -6 -6 -5 -5 -5 -5 -5 -5 -5 -5 -5 -4 -4 -4 -4 -4 -4 -3 -2 -1 ------- Run | Yrd Mat Min Mat Min Exi Min Mat Gar Mat Gar Mat Fac Gar Fac Low Low Dat Pro Fac Was Fac Gar Fac Upp Upp Zhi Pro Fac Ext Cet Arc Hub Res Res Acc Slots Evolved 18 | . . . 2 . . . 2 . . . . 2 . 2 . . . . 2 . . . . . . . . 2 . . . . 2 2 2 Power . | . . . . . . . . . . . . . . . . . . . . . . . . . . . . . . . . . . . . Propulsion 4 | . . . 1 . . . . . . . . 1 . . . . . . . . . . . . . . . 1 . . . . 1 . . Utility 10 | . . . . . . . 1 . . . . 1 . 2 . . . . 1 . . . . . . . . 1 . . . . 1 1 2 Weapon 4 | . . . 1 . . . 1 . . . . . . . . . . . 1 . . . . . . . . . . . . . . 1 . Parts Attached 250 | 8 6 3 17 2 . . 20 15 6 6 8 9 10 6 . 1 . 2 6 3 6 14 7 1 3 4 . 16 6 9 . . 13 7 36 Power 21 | 1 . . 4 . . . 1 2 1 2 1 . . 1 . . . . 2 . . 1 . . . . . 1 . . . . . . 4 Engine 11 | 1 . . 4 . . . 1 2 1 . 1 . . . . . . . 1 . . . . . . . . . . . . . . . . Core 5 | . . . . . . . . . . 2 . . . 1 . . . . 1 . . . . . . . . . . . . . . . 1 Reactor 5 | . . . . . . . . . . . . . . . . . . . . . . 1 . . . . . 1 . . . . . . 3 Propulsion 58 | 2 . 2 7 1 . . 6 4 2 3 3 2 3 . . . . . . 2 . 6 . . . 1 . 3 2 1 . . 1 . 7 Treads 55 | 2 . 2 7 1 . . 6 4 2 3 3 2 3 . . . . . . 2 . 5 . . . . . 3 2 1 . . 1 . 6 Leg 1 | . . . . . . . . . . . . . . . . . . . . . . . . . . 1 . . . . . . . . . Wheel . | . . . . . . . . . . . . . . . . . . . . . . . . . . . . . . . . . . . . Hover 1 | . . . . . . . . . . . . . . . . . . . . . . 1 . . . . . . . . . . . . . Flight 1 | . . . . . . . . . . . . . . . . . . . . . . . . . . . . . . . . . . . 1 Utility 76 | 2 4 . . . . . 8 . . . 1 3 4 4 . . . 1 3 . 4 1 3 1 1 2 . 7 1 1 . . 10 2 13 Device 32 | 1 . . . . . . 3 . . . . 1 3 . . . . . 1 . 3 1 1 1 . . . 4 1 . . . 3 . 9 Storage 6 | 1 1 . . . . . 1 . . . 1 . 1 . . . . . . . . . . . . 1 . . . . . . . . . Processor 21 | . 2 . . . . . 2 . . . . 1 . 3 . . . . 1 . . . 1 . 1 . . 1 . . . . 5 1 3 Hackware 7 | . 1 . . . . . 1 . . . . 1 . . . . . . 1 . 1 . 1 . . . . 1 . . . . . . . Protection 10 | . . . . . . . 1 . . . . . . 1 . . . 1 . . . . . . . 1 . 1 . 1 . . 2 1 1 Artifact . | . . . . . . . . . . . . . . . . . . . . . . . . . . . . . . . . . . . . Weapon 95 | 3 2 1 6 1 . . 5 9 3 1 3 4 3 1 . 1 . 1 1 1 2 6 4 . 2 1 . 5 3 7 . . 2 5 12 Energy Gun 4 | 2 . . . . . . . . . . . . . . . . . . . . . . . . . . . . . 2 . . . . . Energy Cannon 1 | . . . . . . . . . . . . . 1 . . . . . . . . . . . . . . . . . . . . . . Ballistic Gun 67 | 1 . 1 5 . . . 4 8 3 . 2 4 1 1 . 1 . 1 . . 2 2 3 . 1 . . 3 3 5 . . 1 4 11 Ballistic Cannon 11 | . 1 . . . . . 1 . . . . . . . . . . . . . . 3 1 . 1 1 . 1 . . . . 1 . 1 Launcher 4 | . 1 . . . . . . 1 . . . . 1 . . . . . . . . 1 . . . . . . . . . . . . . Special Weapon . | . . . . . . . . . . . . . . . . . . . . . . . . . . . . . . . . . . . . Impact Weapon 5 | . . . . 1 . . . . . 1 1 . . . . . . . . 1 . . . . . . . 1 . . . . . . . Slashing Weapon 3 | . . . 1 . . . . . . . . . . . . . . . 1 . . . . . . . . . . . . . . 1 . Piercing Weapon . | . . . . . . . . . . . . . . . . . . . . . . . . . . . . . . . . . . . . Special Melee Weapon . | . . . . . . . . . . . . . . . . . . . . . . . . . . . . . . . . . . . . Unidentified Prototypes 21 | . . . . . . . 1 . 1 . . . 1 . . . . . . 1 . . . . . 4 . 1 . 4 . . 7 . 1 Parts Lost 84 | . 1 . . . . . 2 2 . 7 2 . 1 1 . 1 . . 1 . 2 . 1 1 4 . . 9 . . . . . 5 44 Power 7 | . . . . . . . . 1 . 2 . . . . . . . . 1 . . . . . . . . 1 . . . . . . 2 Propulsion 12 | . . . . . . . . 1 . 3 . . 1 . . . . . . . . . . . . . . . . . . . . . 7 Utility 24 | . 1 . . . . . . . . . . . . . . . . . . . . . . . . . . 4 . . . . . 1 18 Weapon 41 | . . . . . . . 2 . . 2 2 . . 1 . 1 . . . . 2 . 1 1 4 . . 4 . . . . . 4 17 Highest Loss Streak 14 | . 1 . . . . . 1 1 . 2 1 . 1 1 . 1 . . 1 . 1 . 1 1 2 . . 3 . . . . . 2 14 To Critical Strikes 3 | . . . . . . . . . . . 1 . . . . . . . . . . . . . . . . 1 . . . . . . 1 Average Backups 19 | 1 12 20 19 20 20 20 19 19 20 18 19 19 19 19 20 20 21 20 20 21 20 20 18 19 18 18 21 19 19 21 21 22 22 20 19 Power . | . 1 1 1 1 1 1 1 . . . 1 1 1 1 1 1 1 1 . 1 1 1 1 1 1 1 1 . . . 1 1 1 1 . Propulsion 4 | . 2 7 5 4 4 4 5 5 5 3 4 3 3 4 4 4 4 5 7 8 7 5 4 4 4 4 4 3 2 3 3 3 3 3 2 Utility 7 | . 1 3 6 7 8 8 7 7 8 9 10 9 8 8 8 8 8 7 6 6 6 6 7 7 7 9 11 9 10 9 9 9 9 8 5 Weapon 6 | . 7 8 6 7 7 7 5 6 6 4 3 5 6 6 7 6 7 6 5 5 4 5 6 6 5 3 4 4 5 7 7 8 8 6 8 Tool/Special . | . . . . . . . . . . . . . . . . . . . . . . . . . . . . . . . . . . . . Unused Backups 67 | . 3 3 13 . 1 . 3 2 1 . 5 1 4 1 . . . 2 3 . 1 6 1 . . . . . 1 8 . . 4 . 4 Power 4 | . . . 2 . . . . . . . . . . . . . . . . . . 1 . . . . . . . . . . 1 . . Propulsion 19 | . . 1 2 . . . 2 . . . 4 . 2 . . . . 1 2 . 1 2 . . . . . . . 2 . . . . . Utility 21 | . . . 3 . 1 . 1 1 . . 1 . 1 1 . . . 1 1 . . 2 . . . . . . . 2 . . 2 . 4 Weapon 23 | . 3 2 6 . . . . 1 1 . . 1 1 . . . . . . . . 1 1 . . . . . 1 4 . . 1 . . Tool/Special . | . . . . . . . . . . . . . . . . . . . . . . . . . . . . . . . . . . . . Average Slot Usage (%) 91 | . 99 100 99 100 100 100 99 99 99 99 100 97 97 85 86 86 63 86 87 88 87 87 88 88 87 63 82 82 89 88 89 89 84 85 83 Engine 4 | . 14 14 11 11 11 11 9 9 9 2 1 7 7 1 . . . . . 5 5 3 . . . . . . . . . . . . . Core 1 | . . . . . . . . . . 6 7 . . 4 6 6 6 6 4 . . . . . . . . . . . . . . . . Reactor 1 | . . . . . . . . . . . . . . . . . . . . . . 1 5 5 5 5 5 5 5 5 5 5 4 4 3 Treads 19 | . 27 28 33 33 33 33 27 26 26 26 27 30 27 13 13 13 13 13 11 11 11 10 11 11 11 10 11 10 15 15 15 15 13 13 11 Device 9 | . . . . . . . 2 . . . . 4 7 6 6 6 6 6 5 5 6 16 14 17 17 15 17 19 23 26 26 26 21 15 19 Storage 7 | . 14 14 11 11 11 11 9 9 9 9 9 7 7 6 6 6 6 6 5 5 5 5 5 5 5 5 5 5 5 5 5 5 4 4 3 Processor 15 | . 8 14 11 11 11 11 15 18 18 18 18 15 15 20 20 20 20 20 23 23 21 17 17 17 17 17 17 15 8 5 5 5 9 18 16 Protection 1 | . . . . . . . . . . . . . . 5 6 6 6 6 1 . . . . . . . . . 4 5 5 5 4 4 6 Energy Gun 1 | . 13 13 . . . . . . . . . . . . . . . . . . . . . . . . . . . 1 1 . . . . Ballistic Gun 23 | . 1 9 32 32 33 33 35 34 36 34 35 29 28 26 26 26 3 26 25 28 28 25 16 19 11 . . 8 15 23 25 26 23 25 21 Ballistic Cannon 2 | . 12 4 . . . . . . . . . . . . . . . . . . . 2 9 8 13 1 17 10 9 . . . . . . Peak Build Rating 204 | 7 10 10 18 17 17 17 28 34 36 36 41 48 73 84 83 83 82 85 95 95 96 126 124 126 129 118 116 135 139 146 146 146 176 192 204 Average Rating 81 | 5 8 9 15 16 17 17 26 29 32 34 38 44 51 80 82 82 68 82 92 90 88 105 121 124 123 88 115 125 132 141 145 146 165 187 185 On Entrance 79 | . 7 9 10 16 17 17 17 28 34 32 36 36 47 71 82 83 82 82 83 93 88 96 123 123 126 114 116 116 135 128 146 146 146 176 183 Avg Prop Armor Cover (%) 24 | . . . . . . . . . . . . . . . . . . . . . . 7 . . . . . . . . . . . . 41 Naked Turns 2 | . . . . . . . . . . . . . . . . . . . . . . . . . . . . . . . . . . . 2 Heaviest Build 170 | 15 51 50 56 56 56 56 66 66 66 66 61 62 107 104 104 104 104 108 111 107 112 149 150 152 159 149 148 170 165 146 146 146 149 166 166 Greatest Support 235 | 40 40 40 60 60 60 60 62 63 63 63 62 82 150 150 150 150 150 150 150 150 140 150 150 150 150 150 150 177 177 182 182 182 235 235 235 Greatest Overweight (x) 43 | . 1 1 . . . . 1 1 1 1 1 . . . . . . . . . . 43 . 1 1 36 . 1 . . . . . . 1 Average Overweight (x) . | . . 1 . . . . . . . . . . . . . . . . . . . . . . . . . . . . . . . . . Largest Inventory Capacity 25 | 8 20 20 20 20 20 20 20 20 20 20 20 20 25 25 25 25 25 25 25 25 25 25 25 25 25 25 25 25 25 25 25 25 25 25 25 Average Capacity 22 | 7 17 20 20 20 20 20 20 20 20 20 20 20 20 25 25 25 25 25 25 25 25 25 25 25 25 25 25 25 25 25 25 25 25 25 24 Most Carried 25 | 2 20 20 20 20 20 20 20 20 20 20 20 20 24 25 25 25 25 25 25 25 25 25 25 25 25 25 25 25 25 25 25 25 25 24 25 Average Carried 21 | 1 12 20 19 19 20 20 19 19 19 18 19 19 20 23 24 24 24 24 24 25 24 24 24 24 23 22 25 23 22 24 24 25 24 23 21 Final Capacity 25 | 8 20 20 20 20 20 20 20 20 20 20 20 20 25 25 25 25 25 25 25 25 25 25 25 25 25 25 25 25 25 25 25 25 25 25 5 Final Carried 25 | 2 20 20 20 20 20 20 20 20 20 19 19 19 24 24 25 24 24 25 25 25 25 25 24 25 21 25 25 19 25 25 25 25 25 23 4 Class Distribution -------------------- 46% | Gunner 18% | Scavenger-Gunner 10% | Mutant 9% | Scavenger-Executioner 3% | Scientist-Gunner 3% | Commander-Tank 3% | Scavenger-Skirmisher Dominant Class ---------------- Mutant | -10/Materials Mutant | -10/Mines Scavenger-Gunner | -9/Materials Scavenger-Gunner | -9/Mines Scavenger-Gunner | -9/Exiles Scavenger-Skirmisher | -8/Mines Scavenger-Gunner | -8/Materials Scavenger-Gunner | -8/Garrison Gunner | -8/Materials Gunner | -8/Garrison Gunner | -8/Materials Gunner | -7/Factory Gunner | -7/Garrison Gunner | -6/Factory Gunner | -6/Lower Caves Gunner | -6/Lower Caves Mutant | -6/Data Miner Gunner | -5/Proximity Caves Gunner | -5/Factory Gunner | -5/Waste Gunner | -5/Factory Gunner | -5/Garrison Gunner | -5/Factory Gunner | -5/Upper Caves Gunner | -5/Upper Caves Mutant | -5/Zhirov Gunner | -4/Proximity Caves Gunner | -4/Factory Commander-Tank | -4/Extension Commander-Tank | -4/Cetus Commander-Tank | -4/Archives Scavenger-Tank | -4/Hub_04(d) Scavenger-Gunner | -3/Research Scavenger-Executioner | -2/Research Scavenger-Executioner | -1/Access Resources | -11 -10 -10 -9 -9 -9 -8 -8 -8 -8 -8 -8 -7 -7 -6 -6 -6 -6 -5 -5 -5 -5 -5 -5 -5 -5 -5 -4 -4 -4 -4 -4 -4 -3 -2 -1 ----------- Run | Yrd Mat Min Mat Min Exi Min Mat Gar Mat Gar Mat Fac Gar Fac Low Low Dat Pro Fac Was Fac Gar Fac Upp Upp Zhi Pro Fac Ext Cet Arc Hub Res Res Acc Matter Collected 26448 | 310 275 168 913 96 . 83 945 1059 572 1079 843 242 1293 374 481 281 . 487 361 155 248 1824 1551 860 838 380 427 2375 2085 348 52 108 635 1999 2701 Remotely 8187 | 10 12 . . . . . . . . . . . . . . . . . . . 113 366 254 643 643 . 427 1409 1547 334 52 108 620 1649 . Salvage Created 38755 | 106 489 238 1704 127 . 121 1233 1452 916 1424 1260 352 1969 217 583 257 . 904 496 319 420 1806 1954 1061 831 451 295 2592 2057 375 182 290 1103 5014 6157 Parts 1867 | 8 41 14 113 5 . 10 79 76 73 74 67 20 90 10 23 15 . 28 31 5 30 86 77 41 21 3 12 108 52 17 6 14 52 243 323 Haulers Intercepted 14 | . 2 . 3 . . . 2 . 1 . 2 . . . . . . . 1 . . . . . . . . 1 . . . . 1 . 1 Recyclers Shooed 18 | . . 1 1 . . . . . 3 . 1 2 . . . . . . . . 1 . 3 . . . . 1 . . . . 1 2 2 Parts Field Recycled . | . . . . . . . . . . . . . . . . . . . . . . . . . . . . . . . . . . . . Retrieved Matter . | . . . . . . . . . . . . . . . . . . . . . . . . . . . . . . . . . . . . Parts Self-Destructed 148 | . . . . . . . . . . . . . . . 29 17 . 32 . . . . . 30 28 1 11 . . . . . . . . Prevented 4 | . . . . . . . . . . . . . . . . . . . . . . . . . 3 . 1 . . . . . . . . Parts Restored . | . . . . . . . . . . . . . . . . . . . . . . . . . . . . . . . . . . . . Kills | -11 -10 -10 -9 -9 -9 -8 -8 -8 -8 -8 -8 -7 -7 -6 -6 -6 -6 -5 -5 -5 -5 -5 -5 -5 -5 -5 -4 -4 -4 -4 -4 -4 -3 -2 -1 ------- Run | Yrd Mat Min Mat Min Exi Min Mat Gar Mat Gar Mat Fac Gar Fac Low Low Dat Pro Fac Was Fac Gar Fac Upp Upp Zhi Pro Fac Ext Cet Arc Hub Res Res Acc Combat Hostiles Destroyed 606 | . 16 10 29 4 . 6 18 30 22 36 23 4 29 4 10 4 . 15 3 . 8 38 28 18 17 . 9 36 35 5 2 4 13 60 70 Guns 507 | . 4 6 29 4 . 6 18 30 22 32 23 4 29 3 10 4 . 15 3 . 8 35 13 16 9 . . 7 26 5 2 4 13 58 69 Cannons 80 | . 6 1 . . . . . . . . . . . . . . . . . . . 3 15 2 8 . 9 25 9 . . . . 2 . AOE 19 | . 6 3 . . . . . . . 4 . . . 1 . . . . . . . . . . . . . 4 . . . . . . 1 Classes Destroyed 28 | 2 6 3 3 . . . 1 1 1 1 . . . . . 1 . . 1 . . 1 . 1 . . 1 1 1 . . . 3 . . Worker 24 | . 1 1 4 . . . 2 . 1 . 1 . . . . . . . 2 . . . 1 . . . . 3 . . . . . 5 3 Builder 16 | . . . 1 . . . 1 . . . 1 . . . . . . . . . . . 2 . . . . 2 . . . . . 4 5 Tunneler 11 | 2 2 1 . . . 1 1 . . . . . . . . . . . 1 . . . 1 . . . . . . . . . . . 2 Hauler 14 | . 2 . 3 . . . 2 . 1 . 2 . . . . . . . 1 . . . . . . . . 1 . . . . 1 . 1 Recycler 19 | 1 . . . . . . 1 . 1 . 1 2 . . . . . . . . . . 2 . . . . 5 . . . . . 3 3 Mechanic 1 | . . . . . . . . . . . . . . . . . . . 1 . . . . . . . . . . . . . . . . Operator 11 | . 1 . 2 . . . 1 . 1 . . . . . . . . . 2 . . . 1 . . . . . . . . . 1 . 2 Drone 2 | . . . . . . . . . . . . . . . . . . . . . . . . . . . 2 . . . . . . . . Watcher 34 | . 3 . 4 . . . 4 . 2 . 2 1 1 1 . . . . 2 . 1 . 2 . . . . 3 1 1 . . . 2 4 Swarmer 107 | . 9 3 3 2 . 6 . 3 11 10 4 . 10 1 1 . . 2 . . 4 9 . 4 4 . . 5 5 . . . . 6 5 Cutter 8 | . . . . . . . . . . . . . . . . . . . . . . 4 . . . . . . . . . . . 2 2 Saboteur 1 | . . . . . . . . . . . . . . . . . . . . . . . . . . . . . 1 . . . . . . Grunt 236 | . 7 2 14 2 . . 9 14 5 19 12 . 8 2 6 2 . 9 1 . . 16 10 6 5 . 3 12 12 . . 3 7 28 22 Brawler 28 | . . . 1 . . . 2 1 1 . 2 . 1 . 1 . . 2 . . . 3 2 1 5 . . 2 1 . . . . 1 2 Duelist 28 | . . . 2 . . . 1 1 . 1 . . 2 . 1 1 . 1 . . . 1 6 . 1 . 1 1 4 . . . . 1 3 Protector 5 | . . . . . . . . . 1 . . . . . . . . . . . . . 3 . . . . . 1 . . . . . . Sentry 74 | . . 2 9 . . . 5 10 4 3 5 1 3 . 1 . . 1 . . 2 2 3 1 1 . 1 4 5 . 2 . 2 3 4 Demolisher 1 | . . 1 . . . . . . . . . . . . . . . . . . . . . . . . . . . . . . . . . Specialist 1 | . . . . . . . . 1 . . . . . . . . . . . . . . . . . . . . . . . . . . . Hunter 22 | . . . . . . . 1 . . . . . 1 . . . . . . . . . . . . . . 4 . . . . . 5 11 Programmer 66 | . . . . . . . . . . 3 . 3 4 1 . . . . 2 . 2 2 4 . . . 2 7 3 . . . . 12 21 Heavy 4 | . . . . . . . . . . . . . . . . . . . . . . . . . . . . 1 . . . 1 . 2 . Behemoth 6 | . . . . . . . . . . . . . . . . 1 . . . . . 1 . . 1 . . . 2 . . . 1 . . Cetus Guard 5 | . . . . . . . . . . . . . . . . . . . . . . . . . . . . . . 5 . . . . . Striker 1 | . . . . . . . . . . . . . . . . . . . . . . . . . . . . . . . . . 1 . . Executioner 1 | . . . . . . . . . . . . . . . . . . . . . . . . . . . . . . . . . 1 . . Assembled 2 | . . 2 . . . . . . . . . . . . . . . . . . . . . . . . . . . . . . . . . Thug 5 | . . . . . . . . . . . . . . . . . . . . . . . . 4 . . . . 1 . . . . . . Savage 2 | . . . . . . . . . . . . . . . . . . . . . . . . 1 . . . . 1 . . . . . . Mutant 1 | . . . . . . . . . . . . . . . . . . . . . . . . 1 . . . . . . . . . . . Revision 1 | . . . . . . . . . . . . . . . . . . . . . . . . . . . . . . . . . 1 . . Best Kill Streak 24 | 3 3 3 5 2 . 7 5 5 6 5 7 3 10 3 3 3 . 9 3 . 4 7 6 8 9 . 8 7 7 4 2 2 2 24 12 Combat Bots Only 18 | . 3 3 4 2 . 4 4 5 5 5 7 1 10 3 3 3 . 9 2 . 4 7 5 8 9 . 8 5 7 3 2 2 2 18 9 Max Kills in Single Turn 4 | 1 3 2 2 1 . 1 1 2 3 3 2 1 3 1 2 1 . 2 1 . 2 2 2 2 1 . 1 4 3 1 1 1 2 4 2 Gunslinging 2 | . . . . . . . . 1 2 1 1 . 2 . 1 . . 1 . . 1 1 . 1 . . . . 2 . . . . 1 1 Exploded 4 | . 3 2 . . . . . . . 3 . . . 1 . . . . . . . . . . . . . 4 . . . . . . 1 Melee . | . . . . . . . . . . . . . . . . . . . . . . . . . . . . . . . . . . . . Uniques/NPCs Destroyed . | . . . . . . . . . . . . . . . . . . . . . . . . . . . . . . . . . . . . Combat | -11 -10 -10 -9 -9 -9 -8 -8 -8 -8 -8 -8 -7 -7 -6 -6 -6 -6 -5 -5 -5 -5 -5 -5 -5 -5 -5 -4 -4 -4 -4 -4 -4 -3 -2 -1 -------- Run | Yrd Mat Min Mat Min Exi Min Mat Gar Mat Gar Mat Fac Gar Fac Low Low Dat Pro Fac Was Fac Gar Fac Upp Upp Zhi Pro Fac Ext Cet Arc Hub Res Res Acc Hostile Shots Fired 1998 | . 48 36 95 18 . 19 45 63 67 104 54 19 90 14 40 23 . 19 5 . 30 54 60 33 39 . 28 107 45 5 . 4 19 142 673 Missed 594 | . 21 12 24 3 . 5 13 22 23 23 15 8 35 2 15 7 . 3 1 . 14 16 14 9 11 . 10 26 18 4 . 2 8 43 187 Hits 1404 | . 27 24 71 15 . 14 32 41 44 81 39 11 55 12 25 16 . 16 4 . 16 38 46 24 28 . 18 81 27 1 . 2 11 99 486 Melee 68 | . . . 2 . . . . . . . . . 3 . 2 . . . . . . 7 5 2 . . . 3 . . . . . 2 42 Projectile 1336 | . 27 24 69 15 . 14 32 41 44 81 39 11 52 12 23 16 . 16 4 . 16 31 41 22 28 . 18 78 27 1 . 2 11 97 444 AOE 6 | . . 2 . . . . . . . . . . . . . . . . . . . . . . . . . . . . . . . 2 2 Critical Strikes 62 | . . 2 2 . . . . 2 1 1 1 . 3 . 2 1 . . 1 . 1 5 3 . . . 2 3 . 1 . . . 2 29 Actively Blocked 14 | . . . . . . . . . . . . . . . . . . . . . . . . . . . . . . 1 . . . 2 11 Part Disruptions 2 | . . . . . . . . . . . . . . . . . . . . . . . 1 . . . . . . . . . . . 1 Damage Taken 26684 | . 244 370 900 177 . 111 486 639 470 1011 545 85 739 334 368 466 . 285 107 . 396 730 996 504 537 . 370 1508 445 43 . 55 343 3043 10377 Core 3034 | . 33 45 253 18 . 8 28 39 16 105 46 . 30 14 76 30 . 17 25 . 20 41 123 18 76 . . 74 25 . . . . 321 1553 Absorbed by Shields 1735 | . . . . . . . . . . 59 . . 11 . . . . . . . . . . . . . . 354 76 15 . . . . 1220 Reduced by Siege Mode 394 | . . . . . . . . . . . . . . 5 26 25 . 8 . . . 19 32 35 5 . 33 72 6 . . . 6 84 38 Regen/Repaired (Parts) 523 | . 95 . 101 . . . . . . . . . . . . . . . . . . . . . . . . . . . . . . 327 . Core Remaining (%) 77 | 100 . 68 . . . 30 . . . . 57 . 95 . . . . 83 . . . . . . . . 69 . . . . 91 100 77 . Volleys Fired 1227 | 10 45 26 77 13 . 8 58 65 36 67 48 9 101 7 17 17 . 26 15 3 13 81 47 24 25 . 14 70 52 14 2 5 21 75 136 Largest 6 | 2 2 2 3 3 . 3 4 4 4 4 4 4 4 4 4 4 . 4 5 5 5 5 5 5 5 . 3 5 5 5 5 5 5 6 6 Hottest 272 | 70 80 80 69 69 . 69 97 112 112 107 107 102 100 100 100 100 . 100 125 125 130 214 219 226 272 . 166 236 236 240 220 175 175 236 240 Shots Fired 4634 | 20 83 44 231 39 . 24 213 230 141 225 187 36 286 28 68 69 . 101 69 15 65 280 194 113 100 . 43 240 258 54 10 25 101 380 662 Gun 4078 | 20 53 27 231 39 . 24 211 228 141 220 187 36 254 28 68 69 . 101 69 15 65 250 131 87 47 . . 99 169 54 10 25 101 363 656 Cannon 534 | . 27 15 . . . . 2 . . . . . 29 . . . . . . . . 28 63 26 53 . 43 140 89 . . . . 17 2 Launcher 22 | . 3 2 . . . . . 2 . 5 . . 3 . . . . . . . . 2 . . . . . 1 . . . . . . 4 Special . | . . . . . . . . . . . . . . . . . . . . . . . . . . . . . . . . . . . . Kinetic 4509 | 10 40 24 231 39 . 24 213 228 141 220 187 36 254 28 68 69 . 101 69 15 65 278 194 113 100 . 43 239 258 50 9 25 101 380 657 Thermal 103 | 10 40 18 . . . . . . . . . . 29 . . . . . . . . . . . . . . . . 4 1 . . . 1 Explosive 22 | . 3 2 . . . . . 2 . 5 . . 3 . . . . . . . . 2 . . . . . 1 . . . . . . 4 Electromagnetic . | . . . . . . . . . . . . . . . . . . . . . . . . . . . . . . . . . . . . Robot Hit Streak 50 | 8 6 9 21 16 . 5 14 30 20 15 19 14 26 20 41 27 . 24 22 17 9 20 46 46 29 . 12 30 27 21 11 12 7 36 50 Robot Miss Streak 7 | 3 5 5 3 2 . 3 5 2 3 4 3 5 5 2 2 1 . 2 2 . 2 3 2 2 1 . 3 3 2 3 . 1 7 5 3 Penetration Max 2 | . . . . . . . . 1 1 1 1 1 . . . . . . . . . 1 2 1 1 . 1 2 2 1 . 1 1 2 2 Secondary Targets 109 | . . 1 2 . . 1 3 4 8 7 4 . 10 2 4 . . 6 . . 2 7 3 2 . . . . 4 1 . 1 1 16 20 Max Gunslinging Chain 2 | . . 1 1 . . 1 1 1 2 2 1 . 2 1 1 . . 1 . . 1 1 1 1 . . . . 2 1 . 1 1 2 2 Shots Hit Robots 3170 | 12 48 26 154 27 . 12 138 163 97 145 115 22 191 17 56 61 . 85 44 15 33 177 146 75 66 18 29 179 177 36 9 18 53 276 450 Core Hits 1514 | 4 30 16 63 6 . 7 56 56 44 72 48 11 79 9 28 16 . 40 22 3 19 80 90 38 32 4 13 96 95 19 3 8 31 153 223 Critical Kills 138 | . . . . . . . 1 5 6 6 6 1 2 . . . . . . . 2 3 6 8 3 . . 5 5 2 1 3 8 33 32 Critical Parts Destroyed 170 | . . . 1 . . . 3 5 2 4 7 . 2 1 2 . . . 4 . 1 7 16 8 3 . . 3 10 2 . 2 8 42 37 Critical Strikes 368 | . 2 2 1 . . . 4 11 8 10 14 1 4 1 2 . . . 4 . 3 12 26 20 12 . 6 23 26 5 2 5 17 76 71 Burn 4 | . 2 2 . . . . . . . . . . . . . . . . . . . . . . . . . . . . . . . . . Meltdown 2 | . . . . . . . . . . . . . 2 . . . . . . . . . . . . . . . . . . . . . . Destroy 318 | . . . 1 . . . 4 11 8 10 14 1 2 1 2 . . . 4 . 3 10 22 17 7 . . 8 17 5 2 5 17 76 71 Blast 43 | . . . . . . . . . . . . . . . . . . . . . . 2 4 3 5 . 6 14 9 . . . . . . Sever 1 | . . . . . . . . . . . . . . . . . . . . . . . . . . . . 1 . . . . . . . Melee Attacks 144 | . . . 5 1 . . 3 14 . 16 3 1 16 . . . . . 8 . . 23 4 . . 18 . 9 . . . . . 3 20 Impact 54 | . . . . 1 . . 3 14 . 16 3 1 16 . . . . . . . . . . . . . . . . . . . . . . Slashing 90 | . . . 5 . . . . . . . . . . . . . . . 8 . . 23 4 . . 18 . 9 . . . . . 3 20 Piercing . | . . . . . . . . . . . . . . . . . . . . . . . . . . . . . . . . . . . . Sneak Attacks 4 | . . . . . . . . . . . . . . . . . . . 1 . . . . . . . . 3 . . . . . . . Combat Hostiles . | . . . . . . . . . . . . . . . . . . . . . . . . . . . . . . . . . . . . Follow-up Attacks . | . . . . . . . . . . . . . . . . . . . . . . . . . . . . . . . . . . . . Damage Inflicted 81746 | 165 878 524 2488 432 . 231 2207 2758 1741 3182 2237 551 3744 444 970 1018 . 1484 993 251 614 4408 4710 1590 2011 1428 1479 7365 6969 1056 251 615 1846 9004 12102 Guns 63227 | 165 390 269 2404 419 . 219 2167 2758 1629 2724 2213 509 2951 308 970 1018 . 1484 866 251 614 3808 2652 1137 675 . . 2523 4589 1056 251 615 1790 8474 11329 Cannons 14080 | . 312 100 . . . . . . . . . . 793 . . . . . . . . 600 1964 453 1336 . 1479 4163 2377 . . . . 503 . Explosions 1905 | . 154 120 . . . . . . . 458 . . . 136 . . . . . . . . 83 . . . . 328 . . . . . . 626 Melee 1860 | . . . . . . . . . . . . . . . . . . . 81 . . . . . . 1428 . 351 . . . . . . . Ramming 674 | . 22 35 84 13 . 12 40 . 112 . 24 42 . . . . . . 46 . . . 11 . . . . . 3 . . . 56 27 147 Kinetic 75869 | 78 348 194 2404 419 . 219 2167 2758 1629 2724 2213 509 2951 308 970 1018 . 1484 866 251 614 4408 4616 1590 2011 . 1479 6686 6966 1056 222 615 1790 8977 11329 Thermal 1657 | 87 354 175 . . . . . . . . . . 793 136 . . . . . . . . 83 . . . . . . . 29 . . . . Explosive 1686 | . 154 120 . . . . . . . 458 . . . . . . . . . . . . . . . . . 328 . . . . . . 626 Electromagnetic . | . . . . . . . . . . . . . . . . . . . . . . . . . . . . . . . . . . . . Impact . | . . . . . . . . . . . . . . . . . . . . . . . . . . . . . . . . . . . . Slashing 1860 | . . . . . . . . . . . . . . . . . . . 81 . . . . . . 1428 . 351 . . . . . . . Piercing . | . . . . . . . . . . . . . . . . . . . . . . . . . . . . . . . . . . . . Highest Corruption 18 | . . . . . . . . . . 2 3 . 1 1 1 1 1 1 1 1 1 2 2 2 2 2 2 6 6 6 6 6 1 5 18 Average Corruption 2 | . . . . . . . . . . 1 2 . 1 1 1 1 1 1 1 1 1 1 1 2 2 2 2 5 6 6 6 6 1 4 4 Corruption Purged 29 | . . . . . . . . . . . . . . . . . . . . . . . 2 . . . . . . . . . . . 27 Corruption Blocked 6 | . . . . . . . . . . . . . . . . . . . . . . . . . . . . 6 . . . . . . . Effects 342 | . . . . . . . . . . 25 17 . 4 4 8 3 2 8 5 3 6 13 18 14 14 6 6 17 53 13 4 1 7 23 68 Message Errors 74 | . . . . . . . . . . 6 4 . 2 . 1 . 1 1 1 1 1 2 3 3 4 3 4 3 9 4 1 . 2 4 14 Matter Fused 87 | . . . . . . . . . . 4 4 . . 1 4 . . 3 . 1 2 3 7 4 2 1 . 5 15 5 1 1 3 5 16 Heat Flow Errors 44 | . . . . . . . . . . 3 5 . . 1 1 . . . 3 . 1 2 1 3 2 . . 3 4 2 . . . 3 10 Energy Discharges 33 | . . . . . . . . . . 3 1 . 2 . 2 . . 3 . . 1 . 1 2 1 1 1 2 4 . . . . 1 8 Parts Rejected 2 | . . . . . . . . . . . 1 . . . . . . . . . . . . . . . . . 1 . . . . . . Parts Fused 6 | . . . . . . . . . . 1 . . . . . . . . . . . . . . 1 . . 1 2 . . . . . 1 Data Loss (minor) 36 | . . . . . . . . . . 4 . . . 2 . 2 1 1 . 1 1 2 3 . 1 1 . 1 3 2 . . 1 5 5 Data Loss (major) 13 | . . . . . . . . . . 1 . . . . . . . . . . . 1 1 . 1 . . . 5 . 1 . 1 . 2 Misfires 20 | . . . . . . . . . . 1 . . . . . 1 . . 1 . . 1 . 1 . . 1 2 6 . . . . 2 4 Alerts 8 | . . . . . . . . . . . 1 . . . . . . . . . . 1 . . 1 . . . 2 . 1 . . . 2 Weapon Failures 19 | . . . . . . . . . . 2 1 . . . . . . . . . . 1 2 1 1 . . . 2 . . . . 3 6 Overload Shots 4 | . . . . . . . . . . . . . . . . . . . . . . . . . . . . . . 3 . . . . 1 Effects 1 | . . . . . . . . . . . . . . . . . . . . . . . . . . . . . . 1 . . . . . Heat Surge 1 | . . . . . . . . . . . . . . . . . . . . . . . . . . . . . . 1 . . . . . Overflow Damage 819 | . 3 13 6 . . . . . . . . . . 86 . . . . . . . 9 65 . 33 274 86 178 65 . . . . . 1 Projectiles 329 | . 3 . . . . . . . . . . . . . . . . . . . . 9 65 . 33 . 86 68 65 . . . . . . Explosions 99 | . . 13 . . . . . . . . . . . 86 . . . . . . . . . . . . . . . . . . . . . Melee 391 | . . . 6 . . . . . . . . . . . . . . . . . . . . . . 274 . 110 . . . . . . 1 Knockbacks 60 | . 2 1 2 . . . . . . . . 1 . . . . . . . . . 2 8 . 5 . 7 20 8 . . . . 1 3 Impact 7 | . . . 2 . . . . . . . . 1 . . . . . . . . . . . . . . . . . . . . . 1 3 Kinetic 46 | . 2 1 . . . . . . . . . . . . . . . . . . . 2 8 . 5 . 7 14 7 . . . . . . Secondary 7 | . . . . . . . . . . . . . . . . . . . . . . . . . . . . 6 1 . . . . . . Self-Inflicted Damage 36 | . . 5 . . . . . . . . . . . . . . . . . . . . . . . . . . . . . . . . 31 Shots 2 | . . 1 . . . . . . . . . . . . . . . . . . . . . . . . . . . . . . . . 1 Rammed 57 | . 2 6 6 2 . 3 1 . 12 . 3 3 . . . . . . 2 . . . . . . . . . 2 . . . 2 2 11 Targets Rammed 66 | . 3 8 6 2 . 3 3 . 12 . 4 5 . . . . . . 2 . . . 1 . . . . . 2 . . . 2 2 11 Kicked . | . . . . . . . . . . . . . . . . . . . . . . . . . . . . . . . . . . . . Crushed 9 | . 1 2 . . . . 2 . . . 1 2 . . . . . . . . . . 1 . . . . . . . . . . . . Highest Temperature 366 | 81 36 60 91 56 . 9 95 152 136 234 253 162 144 213 145 96 . 93 152 61 145 181 280 210 318 . 21 191 366 351 45 . 44 249 330 Average Temperature 48 | 38 9 18 19 17 . 3 29 40 41 70 53 38 51 72 49 45 . 46 56 61 45 42 76 73 98 . 8 48 81 135 30 . 20 31 52 Received Heat Transfer 4582 | . 54 108 378 63 . . 216 288 90 363 225 18 141 63 126 72 . 54 . . 54 201 165 108 93 . 75 205 101 . . . 51 225 1045 Effects 4 | . . . . . . . . . . . 1 . . . . . . . . . . . 1 . . . . . . . . . . 1 1 Energy Bleed 4 | . . . . . . . . . . . 1 . . . . . . . . . . . 1 . . . . . . . . . . 1 1 Siege Activations 56 | . . . . . . . . . . . . . . 1 3 2 . 3 . . . 3 7 5 2 . 2 11 3 . . . 1 7 6 Total Turns 834 | . . . . . . . . . . . . . . 3 23 22 . 33 . . . 119 88 81 59 . 28 130 53 . . . 3 88 104 Longest Duration 95 | . . . . . . . . . . . . . . 3 14 16 . 15 . . . 95 24 28 41 . 21 25 30 . . . 3 23 50 Martial Activations . | . . . . . . . . . . . . . . . . . . . . . . . . . . . . . . . . . . . . Shielding Activations . | . . . . . . . . . . . . . . . . . . . . . . . . . . . . . . . . . . . . Robots Disrupted . | . . . . . . . . . . . . . . . . . . . . . . . . . . . . . . . . . . . . Combat Hostiles . | . . . . . . . . . . . . . . . . . . . . . . . . . . . . . . . . . . . . Robots Corrupted 2 | . . . 2 . . . . . . . . . . . . . . . . . . . . . . . . . . . . . . . . Combat Hostiles . | . . . . . . . . . . . . . . . . . . . . . . . . . . . . . . . . . . . . Parts Fried 8 | . . . 4 . . . . . . . . . . . . . . . . . . . . . . . . . . . . . . . 4 Impact Corruptions 3 | . . . 2 . . . . . . . . . . . . . . . . . . . . . . . . . . . . . . . 1 Robots Melted 2 | . . . . . . . . . . . . . 2 . . . . . . . . . . . . . . . . . . . . . . Combat Hostiles . | . . . . . . . . . . . . . . . . . . . . . . . . . . . . . . . . . . . . Parts Melted 8 | . 1 3 . . . . . . . . . . 3 1 . . . . . . . . . . . . . . . . . . . . . Heat Transferred 3446 | 259 1184 666 . . . . . . . . . . 1200 50 . . . . . . . . 50 . . . . . . . 37 . . . . Parts Sabotaged 1 | . . . . . . . . . . . . . . . . . . . . . . . . . . . . . . . . . . . 1 Parts Stolen . | . . . . . . . . . . . . . . . . . . . . . . . . . . . . . . . . . . . . Parts Stripped . | . . . . . . . . . . . . . . . . . . . . . . . . . . . . . . . . . . . . Power Chain Reactions . | . . . . . . . . . . . . . . . . . . . . . . . . . . . . . . . . . . . . Alert | -11 -10 -10 -9 -9 -9 -8 -8 -8 -8 -8 -8 -7 -7 -6 -6 -6 -6 -5 -5 -5 -5 -5 -5 -5 -5 -5 -4 -4 -4 -4 -4 -4 -3 -2 -1 ------- Run | Yrd Mat Min Mat Min Exi Min Mat Gar Mat Gar Mat Fac Gar Fac Low Low Dat Pro Fac Was Fac Gar Fac Upp Upp Zhi Pro Fac Ext Cet Arc Hub Res Res Acc Maximum Alert Level 5 | . . . 1 . . . . 4 3 5 3 2 4 3 . . . . . . . 5 4 . . . . 2 5 4 2 3 3 4 5 Low Security (%) 31 | 100 100 100 72 100 . 100 100 17 . . . . 1 . . . . . 100 100 100 4 . . . . . 2 . . . 6 . . . Level 1 13 | . . . 27 . . . . 17 . 4 . 88 21 . . . . . . . . 12 . . . . . 45 52 . . 11 9 25 . Level 2 11 | . . . . . . . . 18 15 18 . 11 6 87 . . . . . . . 12 . . . . . 52 10 . 100 71 12 30 . Level 3 27 | . . . . . . . . 25 84 38 100 . 35 12 . . . . . . . 21 86 . . . . . 11 98 . 11 78 10 48 Level 4 12 | . . . . . . . . 21 . 29 . . 34 . . . . . . . . 33 13 . . . . . 18 1 . . . 33 26 Level 5 3 | . . . . . . . . . . 8 . . . . . . . . . . . 15 . . . . . . 5 . . . . . 13 High Security 1 | . . . . . . . . . . . . . . . . . . . . . . . . . . . . . . . . . . . 11 Max Security . | . . . . . . . . . . . . . . . . . . . . . . . . . . . . . . . . . . . . Peak Influence 2076 | 15 162 97 338 100 . 129 126 1501 974 1758 1046 447 1419 744 . . . . 56 . 150 1898 1220 . . . . 622 1767 1109 595 722 865 1526 2076 Initial 996 | . . 57 . 100 . . 22 33 731 341 856 447 184 744 . . . . 56 . . 92 996 . . . . 150 298 980 412 186 379 392 912 Average 599 | 1 40 16 157 17 . 30 54 669 783 971 929 328 843 611 . . . . 13 . 14 1034 959 . . . . 423 677 1037 544 486 709 830 1281 Influence Increases 23448 | 15 625 214 1062 105 . 145 633 1568 705 1487 688 190 1245 240 235 100 . 372 170 . 194 1866 898 270 464 15 162 1324 2285 369 233 638 985 1688 2258 Destroy 0b10 Robot/C 12880 | . 320 160 640 80 . 120 360 740 440 720 460 80 580 80 200 80 . 340 60 . 160 760 500 240 380 . 140 740 1000 160 80 220 440 1200 1400 Destroy 0b10 Robot/NC 810 | 15 45 10 70 . . 5 60 . 35 . 35 15 35 5 . . . . 45 . 5 . 60 . . 15 10 70 30 10 10 30 25 70 100 Destroy Leader 1964 | . 80 30 194 10 . 20 112 20 106 60 118 42 50 12 20 20 . 20 16 . 22 40 94 30 30 . 10 138 76 . . 44 76 214 260 Allied During Kill 1996 | . . . 10 . . . . 29 4 . . . . . . . . 12 . . . 1 . . 24 . 2 . 1028 170 90 294 326 . 6 Successful Hack 401 | . 38 . 34 . . . 32 . . . 10 52 . . . . . . 33 . 5 14 56 . . . . 20 . . . . 38 69 . Select Force Hacks 60 | . 60 . . . . . . . . . . . . . . . . . . . . . . . . . . . . . . . . . . Disable Machine 840 | . 15 . 45 15 . . 45 15 15 15 60 . 15 120 . . . . . . . 60 90 . . . . 105 . 15 45 . 30 60 75 Anti-Garrison Action 2300 | . . . . . . . . 650 . 450 . . 450 . . . . . . . . 750 . . . . . . . . . . . . . Destroy Structure 1282 | . 22 14 9 . . . 9 114 30 62 5 1 100 23 . . . . 16 . 2 196 98 . . . . 86 76 14 8 50 50 60 237 Advance Influence 150 | . . . . . . . . . . . . . . . . . . . . . . . . . . . . 150 . . . . . . . Partial Spotted 45 | . . . . . . . . . 15 . . . . . . . . . . . . . . . . . . . . . . . . . 30 Lose Combat Pursuer 720 | . 45 . 60 . . . 15 . 60 180 . . 15 . 15 . . . . . . 45 . . 30 . . 15 75 . . . . 15 150 Influence Decreases 21583 | 15 478 361 803 364 . 88 638 119 1680 255 1462 911 89 1041 664 284 5 282 260 . 62 100 1580 871 600 494 162 714 1143 1090 729 449 1011 866 1913 Entered New Map 9057 | . . 90 . 159 . . 35 19 770 185 902 537 79 675 230 36 5 . 34 . . 40 902 451 118 479 . . 312 772 619 349 345 306 608 Time Decay 9764 | 15 376 271 593 205 . 88 583 . 440 . 530 374 . 356 434 238 . 242 216 . 52 . 518 410 362 15 162 624 571 238 70 60 526 470 725 Lost Part 830 | . 10 . . . . . 20 20 . 70 20 . 10 10 . 10 . . 10 . 10 . 10 10 40 . . 90 . . . . . 50 440 Lost Ally 1090 | . . . 60 . . . . 80 20 . 10 . . . . . . 40 . . . 60 . . 80 . . . 260 80 40 40 140 40 140 Purge Threat 842 | . 92 . 150 . . . . . 450 . . . . . . . . . . . . . 150 . . . . . . . . . . . . Squads Dispatched 107 | . 4 . 3 . . . 4 . 2 . 3 3 . 1 . . . 1 3 . 3 . 7 . 1 . . 10 4 . . 3 2 10 43 Investigation 11 | . 3 . 2 . . . . . . . . . . . . . . . . . . . . . . . . . . . . 1 2 3 . Extermination 27 | . . . . . . . . . . . . 3 . 1 . . . . 2 . 1 . 3 . . . . 5 . . . . . 3 9 Reinforcement 22 | . 1 . 1 . . . 1 . 1 . 2 . . . . . . . 1 . 1 . . . . . . 3 . . . 2 . 4 5 Assault 43 | . . . . . . . . . 1 . 1 . . . . . . 1 . . . . 4 . 1 . . 2 4 . . . . . 29 Garrison 4 | . . . . . . . 3 . . . . . . . . . . . . . 1 . . . . . . . . . . . . . . Intercept . | . . . . . . . . . . . . . . . . . . . . . . . . . . . . . . . . . . . . Searches Triggered . | . . . . . . . . . . . . . . . . . . . . . . . . . . . . . . . . . . . . Data Miner Redirects 13 | . . . . . . . . . . . . . . . . . . . . . . . . . . . . . . . . . . 2 11 Construction Impeded 3 | . . . . . . . . . . . . . . . . . . . . . . . . . . . . 1 . . . 1 . . 1 Haulers Reinforced 4 | . . . . . . . . . . . . . . . . . . . 1 . . . . . . . . 1 . . . . . . 2 Active Scanning Responses . | . . . . . . . . . . . . . . . . . . . . . . . . . . . . . . . . . . . . Cargo Convoy Interrupts . | . . . . . . . . . . . . . . . . . . . . . . . . . . . . . . . . . . . . Stealth | -11 -10 -10 -9 -9 -9 -8 -8 -8 -8 -8 -8 -7 -7 -6 -6 -6 -6 -5 -5 -5 -5 -5 -5 -5 -5 -5 -4 -4 -4 -4 -4 -4 -3 -2 -1 --------- Run | Yrd Mat Min Mat Min Exi Min Mat Gar Mat Gar Mat Fac Gar Fac Low Low Dat Pro Fac Was Fac Gar Fac Upp Upp Zhi Pro Fac Ext Cet Arc Hub Res Res Acc Distress Signals 39 | . 1 . 6 . . . . . 3 . 3 1 1 . . . . . . . . . 2 . . . . 1 2 3 . 2 8 1 5 Communications Jammed 25 | . . . . . . . . . . . . . . . . . . . . . . . . . . . . 1 . . . . . . 24 Distress Signals 19 | . . . . . . . . . . . . . . . . . . . . . . . . . . . . 1 . . . . . . 18 Times Spotted 805 | . 22 10 43 4 . 6 24 34 32 43 37 4 34 5 11 4 . 17 7 . 12 34 31 16 22 . 9 43 48 7 3 13 22 68 140 Peak Tracking Total 31 | . 4 3 6 1 . 3 3 5 9 6 6 2 6 3 4 2 . 9 1 . 3 6 5 5 9 . 4 4 8 5 1 7 4 14 31 Tactical Retreats 34 | . 1 . 3 . . . 1 . 2 10 . . 1 . 1 . . . . . . 2 . . 2 . . 1 3 . . . . 1 6 Traps | -11 -10 -10 -9 -9 -9 -8 -8 -8 -8 -8 -8 -7 -7 -6 -6 -6 -6 -5 -5 -5 -5 -5 -5 -5 -5 -5 -4 -4 -4 -4 -4 -4 -3 -2 -1 ------- Run | Yrd Mat Min Mat Min Exi Min Mat Gar Mat Gar Mat Fac Gar Fac Low Low Dat Pro Fac Was Fac Gar Fac Upp Upp Zhi Pro Fac Ext Cet Arc Hub Res Res Acc Traps Triggered 30 | . 1 . 1 . . . . 4 1 4 1 . 3 2 . . . . 3 . 1 . . . . . . 1 . . . . 2 2 4 Indirectly . | . . . . . . . . . . . . . . . . . . . . . . . . . . . . . . . . . . . . Trap Hack Attempts . | . . . . . . . . . . . . . . . . . . . . . . . . . . . . . . . . . . . . Triggered . | . . . . . . . . . . . . . . . . . . . . . . . . . . . . . . . . . . . . Disarmed . | . . . . . . . . . . . . . . . . . . . . . . . . . . . . . . . . . . . . Reprogrammed . | . . . . . . . . . . . . . . . . . . . . . . . . . . . . . . . . . . . . Reused . | . . . . . . . . . . . . . . . . . . . . . . . . . . . . . . . . . . . . Traps Extracted . | . . . . . . . . . . . . . . . . . . . . . . . . . . . . . . . . . . . . Installed . | . . . . . . . . . . . . . . . . . . . . . . . . . . . . . . . . . . . . Triggered . | . . . . . . . . . . . . . . . . . . . . . . . . . . . . . . . . . . . . Machines | -11 -10 -10 -9 -9 -9 -8 -8 -8 -8 -8 -8 -7 -7 -6 -6 -6 -6 -5 -5 -5 -5 -5 -5 -5 -5 -5 -4 -4 -4 -4 -4 -4 -3 -2 -1 ---------- Run | Yrd Mat Min Mat Min Exi Min Mat Gar Mat Gar Mat Fac Gar Fac Low Low Dat Pro Fac Was Fac Gar Fac Upp Upp Zhi Pro Fac Ext Cet Arc Hub Res Res Acc Machines Disabled 79 | . 1 . 3 1 . . 3 5 1 5 4 . 7 8 . . . . . . . 12 6 . . . . 7 1 1 3 . 2 4 5 Max in Single Turn 8 | . 1 . 1 1 . . 1 1 1 1 1 . 2 8 . . . . . . . 1 2 . . . . 1 . 1 1 . 1 1 1 Garrison Relay 18 | . . . . . . . . 4 . 4 . . 4 . . . . . . . . 6 . . . . . . . . . . . . . Phase Generator 2 | . . . . . . . . . . . . . 1 . . . . . . . . 1 . . . . . . . . . . . . . Machines Repaired . | . . . . . . . . . . . . . . . . . . . . . . . . . . . . . . . . . . . . Machines Dismantled . | . . . . . . . . . . . . . . . . . . . . . . . . . . . . . . . . . . . . Machines Sabotaged . | . . . . . . . . . . . . . . . . . . . . . . . . . . . . . . . . . . . . Overloaded Fab Kills . | . . . . . . . . . . . . . . . . . . . . . . . . . . . . . . . . . . . . Hacking | -11 -10 -10 -9 -9 -9 -8 -8 -8 -8 -8 -8 -7 -7 -6 -6 -6 -6 -5 -5 -5 -5 -5 -5 -5 -5 -5 -4 -4 -4 -4 -4 -4 -3 -2 -1 --------- Run | Yrd Mat Min Mat Min Exi Min Mat Gar Mat Gar Mat Fac Gar Fac Low Low Dat Pro Fac Was Fac Gar Fac Upp Upp Zhi Pro Fac Ext Cet Arc Hub Res Res Acc Machines Accessed 123 | . 10 . 15 1 1 . 8 2 9 4 8 6 1 3 1 1 4 . 5 . 2 1 5 . . 4 . 5 . 1 . 1 9 8 8 Terminals 75 | . 7 . 11 . . . 6 2 6 4 6 4 1 1 . 1 . . 3 . 1 1 4 . . . . 3 . 1 . 1 5 2 5 Fabricators 6 | . . . . . . . . . . . . . . . . . . . 1 . . . 1 . . . . 1 . . . . 1 2 . Repair Stations 10 | . 1 . 2 . . . . . . . . . . 1 . . . . . . . . . . . . . . . . . . 2 3 1 Recycling Units 3 | . 2 . . . . . . . 1 . . . . . . . . . . . . . . . . . . . . . . . . . . Scanalyzers 12 | . . . 2 . . . 1 . 1 . 2 1 . 1 . . . . 1 . . . . . . . . 1 . . . . 1 1 . Garrison Access 6 | . . . . . . . 1 . 1 . . 1 . . . . . . . . 1 . . . . . . . . . . . . . 2 Total Hacks 363 | . 34 . 52 1 1 . 32 3 23 8 17 16 3 7 1 1 30 . 18 . 3 2 24 . . 17 . 14 . 3 . 5 24 15 9 Successful 207 | . 20 . 32 1 1 . 21 . 12 . 10 9 . 3 1 1 30 . 12 . 2 1 12 . . 17 . 7 . . . 1 7 7 . Failed 152 | . 13 . 20 . . . 10 3 10 8 7 7 3 3 . . . . 6 . 1 1 12 . . . . 7 . 3 . 4 17 8 9 Catastrophic 38 | . . . 3 . . . 1 2 3 4 2 1 1 . . . . . 2 . . 1 1 . . . . 2 . 1 . 2 4 2 6 Database Lockouts 4 | . 1 . . . . . 1 . 1 . . . . 1 . . . . . . . . . . . . . . . . . . . . . Manual 174 | . 27 . 27 . 1 . 20 . 15 . 11 5 . 2 . . . . 9 . 2 1 14 . . . . 2 . 1 . 4 21 8 4 Terminals 227 | . 28 . 42 . . . 29 3 18 8 12 10 3 2 . 1 . . 13 . 2 2 14 . . . . 8 . 3 . 5 15 3 6 Fabricators 21 | . . . . . . . . . . . . . . . . . . . 1 . . . 10 . . . . 1 . . . . 5 4 . Repair Stations 19 | . 2 . 5 . . . . . . . . . . 2 . . . . . . . . . . . . . . . . . . 3 6 1 Recycling Units 6 | . 4 . . . . . . . 2 . . . . . . . . . . . . . . . . . . . . . . . . . . Scanalyzers 33 | . . . 5 . . . 2 . 2 . 5 4 . 3 . . . . 4 . . . . . . . . 5 . . . . 1 2 . Garrison Access 7 | . . . . . . . 1 . 1 . . 2 . . . . . . . . 1 . . . . . . . . . . . . . 2 Terminal Hacks 105 | . 12 . 11 1 1 . 9 . 5 . 2 2 . . 1 1 30 . 6 . . 1 3 . . 17 . . . . . 1 1 1 . Record 17 | . . . . . . . . . . . . . . . . 1 11 . . . . . . . . 5 . . . . . . . . . Part Schematic 16 | . . . . . . . . . . . . . . . . . 12 . . . . . . . . 4 . . . . . . . . . Robot Schematic 4 | . . . . . . . . . . . . . . . . . 4 . . . . . . . . . . . . . . . . . . Robot Analysis 9 | . 3 . 1 . . . . . . . . . . . . . . . 1 . . . . . . 4 . . . . . . . . . Prototype ID Bank 11 | . 1 . 1 . . . 1 . 1 . . . . . . . 3 . . . . . . . . 4 . . . . . . . . . Open Door 2 | . . . . 1 . . . . . . . . . . 1 . . . . . . . . . . . . . . . . . . . . Level Access Points 3 | . . . . . . . 1 . . . . . . . . . . . . . . . . . . . . . . . . . 1 1 . Branch Access Points 2 | . . . . . . . 1 . . . . . . . . . . . 1 . . . . . . . . . . . . . . . . Emergency Access Points 1 | . . . . . . . . . . . . . . . . . . . . . . 1 . . . . . . . . . . . . . Terminal Index 1 | . . . . . . . 1 . . . . . . . . . . . . . . . . . . . . . . . . . . . . Garrison Index 1 | . . . . . . . . . . . . . . . . . . . 1 . . . . . . . . . . . . . . . . Alert Level 13 | . 1 . 3 . . . 2 . 1 . 2 1 . . . . . . 1 . . . 1 . . . . . . . . 1 . . . Unreport Threat 6 | . 1 . 1 . . . . . 3 . . . . . . . . . . . . . 1 . . . . . . . . . . . . Locate Traps 8 | . 2 . 4 . . . 1 . . . . 1 . . . . . . . . . . . . . . . . . . . . . . . Dispatch Records 1 | . 1 . . . . . . . . . . . . . . . . . . . . . . . . . . . . . . . . . . Surveillance Status 1 | . 1 . . . . . . . . . . . . . . . . . . . . . . . . . . . . . . . . . . Garrison Status 1 | . . . . . . . . . . . . . . . . . . . 1 . . . . . . . . . . . . . . . . Hauler Manifests 4 | . 1 . 1 . . . 2 . . . . . . . . . . . . . . . . . . . . . . . . . . . . Registered Components 1 | . 1 . . . . . . . . . . . . . . . . . . . . . . . . . . . . . . . . . . Zone Layout 2 | . . . . . . . . . . . . . . . . . . . 1 . . . 1 . . . . . . . . . . . . Proto ID Catalog 1 | . . . . . 1 . . . . . . . . . . . . . . . . . . . . . . . . . . . . . . Fabricator Hacks 4 | . . . . . . . . . . . . . . . . . . . 1 . . . 1 . . . . 1 . . . . 1 . . Network Status 3 | . . . . . . . . . . . . . . . . . . . 1 . . . . . . . . 1 . . . . 1 . . Build 1 | . . . . . . . . . . . . . . . . . . . . . . . 1 . . . . . . . . . . . . Repair Station Hacks 8 | . 2 . 4 . . . . . . . . . . 1 . . . . . . . . . . . . . . . . . . . 1 . Scan Component 5 | . 1 . 2 . . . . . . . . . . 1 . . . . . . . . . . . . . . . . . . . 1 . Repair 3 | . 1 . 2 . . . . . . . . . . . . . . . . . . . . . . . . . . . . . . . . Recycling Unit Hacks 3 | . 1 . . . . . . . 2 . . . . . . . . . . . . . . . . . . . . . . . . . . Retrieve Matter 1 | . . . . . . . . . 1 . . . . . . . . . . . . . . . . . . . . . . . . . . Retrieve Components 2 | . 1 . . . . . . . 1 . . . . . . . . . . . . . . . . . . . . . . . . . . Scanalyzer 27 | . . . 5 . . . 1 . 1 . 5 3 . 2 . . . . 3 . . . . . . . . 5 . . . . . 2 . Insert Component 3 | . . . 1 . . . . . . . 1 1 . . . . . . . . . . . . . . . . . . . . . . . Analyze 3 | . . . 1 . . . . . . . 1 1 . . . . . . . . . . . . . . . . . . . . . . . Retrieve Study 21 | . . . 3 . . . 1 . 1 . 3 1 . 2 . . . . 3 . . . . . . . . 5 . . . . . 2 . Garrison Access Hacks 4 | . . . . . . . 1 . 1 . . 1 . . . . . . . . 1 . . . . . . . . . . . . . . Unlock Access 4 | . . . . . . . 1 . 1 . . 1 . . . . . . . . 1 . . . . . . . . . . . . . . Unauthorized Hacks 56 | . 5 . 12 . . . 10 . 3 . 3 3 . . . . . . 2 . 1 . 8 . . . . 1 . . . . 5 3 . Terminals 44 | . 3 . 12 . . . 10 . 3 . 3 3 . . . . . . 2 . 1 . 3 . . . . 1 . . . . 3 . . Track 3 | . . . 2 . . . 1 . . . . . . . . . . . . . . . . . . . . . . . . . . . . Assimilate 2 | . . . . . . . . . . . 1 . . . . . . . . . . . 1 . . . . . . . . . . . . Botnet 25 | . 2 . 3 . . . 3 . 3 . 2 3 . . . . . . 2 . 1 . 2 . . . . 1 . . . . 3 . . Operators 3 | . 1 . 1 . . . 1 . . . . . . . . . . . . . . . . . . . . . . . . . . . . Skim 11 | . . . 6 . . . 5 . . . . . . . . . . . . . . . . . . . . . . . . . . . . Fabricators 9 | . . . . . . . . . . . . . . . . . . . . . . . 5 . . . . . . . . . 2 2 . Report 1 | . . . . . . . . . . . . . . . . . . . . . . . 1 . . . . . . . . . . . . Prioritize 1 | . . . . . . . . . . . . . . . . . . . . . . . 1 . . . . . . . . . . . . Liberate 3 | . . . . . . . . . . . . . . . . . . . . . . . 1 . . . . . . . . . 1 1 . Fabnet 3 | . . . . . . . . . . . . . . . . . . . . . . . 1 . . . . . . . . . 1 1 . Haulers 1 | . . . . . . . . . . . . . . . . . . . . . . . 1 . . . . . . . . . . . . Repair Stations 1 | . . . . . . . . . . . . . . . . . . . . . . . . . . . . . . . . . . 1 . Patch 1 | . . . . . . . . . . . . . . . . . . . . . . . . . . . . . . . . . . 1 . Recycling Units 2 | . 2 . . . . . . . . . . . . . . . . . . . . . . . . . . . . . . . . . . Tunnel 2 | . 2 . . . . . . . . . . . . . . . . . . . . . . . . . . . . . . . . . . Scanalyzers . | . . . . . . . . . . . . . . . . . . . . . . . . . . . . . . . . . . . . Garrison Access . | . . . . . . . . . . . . . . . . . . . . . . . . . . . . . . . . . . . . Data Cores Recovered 5 | . . . 1 . . . . . 1 . . . . . . . . . 1 . . . 1 . . . . . . . . . 1 . . Used 2 | . . . 1 . . . . . . . . . . . . . . . 1 . . . . . . . . . . . . . . . . Hacking Detections 99 | . 7 . 14 . . . 7 2 7 4 7 6 1 3 . . . . 4 . 1 1 5 . . . . 4 . 1 . 1 9 7 8 Full Trace Events 6 | . . . 1 . . . . 1 . 1 . . . . . . . . . . . . . . . . . . . . . 1 1 1 . Feedback Events . | . . . . . . . . . . . . . . . . . . . . . . . . . . . . . . . . . . . . Feedback Blocked . | . . . . . . . . . . . . . . . . . . . . . . . . . . . . . . . . . . . . Robot Schematics Acquired 4 | . . . . . . . . . . . . . . . . . 4 . . . . . . . . . . . . . . . . . . Robots Built . | . . . . . . . . . . . . . . . . . . . . . . . . . . . . . . . . . . . . Authchips . | . . . . . . . . . . . . . . . . . . . . . . . . . . . . . . . . . . . . Time . | . . . . . . . . . . . . . . . . . . . . . . . . . . . . . . . . . . . . Total Robot Build Rating . | . . . . . . . . . . . . . . . . . . . . . . . . . . . . . . . . . . . . Part Schematics Acquired 19 | . . . 1 . . . . . . . 1 1 . . . . 12 . . . . . . . . 4 . . . . . . . . . Parts Built 2 | . . . . . . . . . . . . . . . . . . . . . . . 2 . . . . . . . . . . . . Authchips . | . . . . . . . . . . . . . . . . . . . . . . . . . . . . . . . . . . . . Time 128 | . . . . . . . . . . . . . . . . . . . . . . . 128 . . . . . . . . . . . . Total Part Build Rating 16 | . . . . . . . . . . . . . . . . . . . . . . . 16 . . . . . . . . . . . . Part Studies Acquired 21 | . . . 3 . . . 1 . 1 . 3 1 . 2 . . . . 3 . . . . . . . . 5 . . . . . 2 . Parts Repaired 3 | . 1 . 2 . . . . . . . . . . . . . . . . . . . . . . . . . . . . . . . . Time 96 | . 26 . 70 . . . . . . . . . . . . . . . . . . . . . . . . . . . . . . . . Parts Recycled . | . . . . . . . . . . . . . . . . . . . . . . . . . . . . . . . . . . . . Recycled Matter . | . . . . . . . . . . . . . . . . . . . . . . . . . . . . . . . . . . . . Retrieved Matter 231 | . . . . . . . . . 231 . . . . . . . . . . . . . . . . . . . . . . . . . . Retrieved Components 20 | . 10 . . . . . . . 10 . . . . . . . . . . . . . . . . . . . . . . . . . . Parts Scanalyzed 3 | . . . 1 . . . . . . . 1 1 . . . . . . . . . . . . . . . . . . . . . . . Part Schematics Acquired 3 | . . . 1 . . . . . . . 1 1 . . . . . . . . . . . . . . . . . . . . . . . Parts Damaged . | . . . . . . . . . . . . . . . . . . . . . . . . . . . . . . . . . . . . Bothacking | -11 -10 -10 -9 -9 -9 -8 -8 -8 -8 -8 -8 -7 -7 -6 -6 -6 -6 -5 -5 -5 -5 -5 -5 -5 -5 -5 -4 -4 -4 -4 -4 -4 -3 -2 -1 ------------ Run | Yrd Mat Min Mat Min Exi Min Mat Gar Mat Gar Mat Fac Gar Fac Low Low Dat Pro Fac Was Fac Gar Fac Upp Upp Zhi Pro Fac Ext Cet Arc Hub Res Res Acc Used RIF Installer . | . . . . . . . . . . . . . . . . . . . . . . . . . . . . . . . . . . . . Robots Hacked 16 | . . . . . . . . . . . . . . . . . . . . . . . . . . . 1 2 5 . . . 3 2 3 Non-combat . | . . . . . . . . . . . . . . . . . . . . . . . . . . . . . . . . . . . . Combat 16 | . . . . . . . . . . . . . . . . . . . . . . . . . . . 1 2 5 . . . 3 2 3 Robot Hacks Applied . | . . . . . . . . . . . . . . . . . . . . . . . . . . . . . . . . . . . . Relay Couplers Released 69 | . . . . . . . . 16 . 17 . . 13 . . . . . . . . 23 . . . . . . . . . . . . . Machine Destruction 69 | . . . . . . . . 16 . 17 . . 13 . . . . . . . . 23 . . . . . . . . . . . . . Fabnet Peak Effective % 4 | . . . . . . . . . . . . . . . . . . . . . . . . . . . 3 3 3 3 3 3 1 3 4 Autooverrided 16 | . . . . . . . . . . . . . . . . . . . . . . . . . . . 1 2 5 . . . 3 2 3 Robots Rewired 30 | . . . . . . . . 6 . . . . . . . . . 2 . . . 3 . 2 2 . . . 15 . . . . . . Allies Hacked 1 | . . . . . . . . . . . . . . . . . . . . . . . . . . . . . 1 . . . . . . Hacks Repelled . | . . . . . . . . . . . . . . . . . . . . . . . . . . . . . . . . . . . . Allies | -11 -10 -10 -9 -9 -9 -8 -8 -8 -8 -8 -8 -7 -7 -6 -6 -6 -6 -5 -5 -5 -5 -5 -5 -5 -5 -5 -4 -4 -4 -4 -4 -4 -3 -2 -1 -------- Run | Yrd Mat Min Mat Min Exi Min Mat Gar Mat Gar Mat Fac Gar Fac Low Low Dat Pro Fac Was Fac Gar Fac Upp Upp Zhi Pro Fac Ext Cet Arc Hub Res Res Acc Total Allies 67 | . . 3 . . . . . 6 . . 1 . . . . . . 2 . . . 3 . 2 2 . 1 2 30 5 . . 3 2 5 Largest Group 19 | . . 3 3 . . . . 3 2 . 1 . . . . . . 2 . . . 3 . 2 2 . 1 1 19 15 14 11 8 1 1 Highest-Rated Group 1005 | . . 40 40 . . . . 92 68 . 10 . . . . . . 79 . . . 90 . 62 79 . 54 142 891 1005 954 713 610 30 82 Highest-Rated Ally 159 | . . 16 16 . . . . 34 34 . 10 . . . . . . 49 . . . 30 . 31 49 . 54 142 159 159 159 96 96 30 82 Initial Warlord ECA Mod 33 | . . . . . . . . . 8 8 16 15 15 23 23 23 23 22 22 22 22 22 33 33 33 33 32 32 32 32 32 32 31 30 29 Total Orders 3 | . . . . . . . . . . . . . . . . . . . . . . . . . . . . . 2 1 . . . . . ROAM 3 | . . . . . . . . . . . . . . . . . . . . . . . . . . . . . 2 1 . . . . . Ally Attacks 431 | . . . 32 . . . . 30 3 . . . . . . . . 6 . . . 7 . . 27 . 2 22 124 23 12 66 51 3 23 Total Damage 11995 | . . . 296 . . . . 598 105 . . . . . . . . 220 . . . 167 . . 704 . 13 457 3487 524 678 2538 1676 65 467 Kills 72 | . . . 3 . . . . 7 2 . . . . . . . . 2 . . . . . . 2 . . 1 21 4 4 14 12 . . Allies Corrupted 6 | . . . . . . . . . . . . . . . . . . . . . . 2 . . . . . . 1 . . . 2 . 1 Allies Melted 1 | . . . . . . . . . . . . . . . . . . . . . . . . . . . . . 1 . . . . . . Intel | -11 -10 -10 -9 -9 -9 -8 -8 -8 -8 -8 -8 -7 -7 -6 -6 -6 -6 -5 -5 -5 -5 -5 -5 -5 -5 -5 -4 -4 -4 -4 -4 -4 -3 -2 -1 ------- Run | Yrd Mat Min Mat Min Exi Min Mat Gar Mat Gar Mat Fac Gar Fac Low Low Dat Pro Fac Was Fac Gar Fac Upp Upp Zhi Pro Fac Ext Cet Arc Hub Res Res Acc Active Infowar (turns) 6462 | . 255 . . . . . 502 . . . . . . . . . . . . . . . . . . . . 397 . . . . 194 1196 3918 Optics 5563 | . 255 . . . . . . . . . . . . . . . . . . . . . . . . . . . . . . . 194 1196 3918 Terrain 2943 | . . . . . . . . . . . . . . . . . . . . . . . . . . . . . . . . . . . 2943 Traps 480 | . . . . . . . 480 . . . . . . . . . . . . . . . . . . . . . . . . . . . . Seismic 22 | . . . . . . . 22 . . . . . . . . . . . . . . . . . . . . . . . . . . . . Jamming 3960 | . . . . . . . . . . . . . . . . . . . . . . . . . . . . 397 . . . . . . 3563 Robot Analysis Total 9 | . 3 . 1 . . . . . . . . . . . . . . . 1 . . . . . . 4 . . . . . . . . . Derelict Logs Recovered 9 | . . 1 . 1 . . . . . . . . . . 2 2 . . . . . . . 2 1 . . . . . . . . . . Drone Launches 19 | . . . . . . . . . . . . . . . . . . . . . . . . . . . . 7 . . . . . . 12 Drone Recoveries 15 | . . . . . . . . . . . . . . . . . . . . . . . . . . . . 7 . . . . . . 8 Exploration | -11 -10 -10 -9 -9 -9 -8 -8 -8 -8 -8 -8 -7 -7 -6 -6 -6 -6 -5 -5 -5 -5 -5 -5 -5 -5 -5 -4 -4 -4 -4 -4 -4 -3 -2 -1 ------------- Run | Yrd Mat Min Mat Min Exi Min Mat Gar Mat Gar Mat Fac Gar Fac Low Low Dat Pro Fac Was Fac Gar Fac Upp Upp Zhi Pro Fac Ext Cet Arc Hub Res Res Acc Turns Passed 42625 | 141 1938 1960 2235 947 420 636 2021 2288 1096 1964 1486 876 1884 811 1063 513 170 576 817 469 592 2365 1425 992 838 427 455 2121 1727 503 140 136 1475 1196 3922 Spaces Moved 20243 | 62 754 631 1070 556 206 378 1101 1020 544 900 711 492 953 476 611 291 102 294 432 282 347 1128 668 416 299 210 239 885 704 229 59 70 839 506 1778 Core 14 | 3 . . . . . . . . . . . . . . . . . . . . . 1 . . . 1 . . . . . . . . 9 Treads 20229 | 59 754 631 1070 556 206 378 1101 1020 544 900 711 492 953 476 611 291 102 294 432 282 347 1127 668 416 299 209 239 885 704 229 59 70 839 506 1769 Legs . | . . . . . . . . . . . . . . . . . . . . . . . . . . . . . . . . . . . . Wheels . | . . . . . . . . . . . . . . . . . . . . . . . . . . . . . . . . . . . . Hover . | . . . . . . . . . . . . . . . . . . . . . . . . . . . . . . . . . . . . Flight . | . . . . . . . . . . . . . . . . . . . . . . . . . . . . . . . . . . . . Fastest Speed 50 | 50 160 240 160 160 160 160 155 155 160 160 161 163 150 160 160 160 160 160 160 160 160 152 152 152 152 160 160 160 163 163 163 163 160 160 50 Average Speed 169 | 154 221 240 160 160 160 160 156 174 166 179 177 163 161 160 160 160 160 160 160 160 160 160 152 194 222 168 160 185 163 163 163 163 160 160 159 Slowest Speed 2200 | 160 240 240 160 160 160 160 208 213 213 216 250 163 163 160 160 160 160 160 160 160 160 2200 152 232 240 1850 160 240 163 163 163 163 160 160 205 Overloaded Moves . | . . . . . . . . . . . . . . . . . . . . . . . . . . . . . . . . . . . . Propulsion Burnouts . | . . . . . . . . . . . . . . . . . . . . . . . . . . . . . . . . . . . . Robots Hopped . | . . . . . . . . . . . . . . . . . . . . . . . . . . . . . . . . . . . . Potential Cave-ins . | . . . . . . . . . . . . . . . . . . . . . . . . . . . . . . . . . . . . Cave-ins Triggered . | . . . . . . . . . . . . . . . . . . . . . . . . . . . . . . . . . . . . Teleports 1 | . . . . . . . . . . . . . . . . . . . . . . . . . . . . . . . . . . . 1 Exploration Rate (%) 57 | 4 96 99 90 99 60 80 70 79 61 81 59 13 88 12 82 52 73 49 15 97 11 91 21 69 41 60 50 28 83 68 77 11 35 26 53 Regions Visited 35 Branch Regions 16 Pre-discovered Areas 14 | . 2 . 2 . . . 2 . . . . . . . 1 1 1 . . . . . . 1 1 3 . . . . . . . . . Known Exits Taken 12 | . . . . . . 1 1 . 1 . 1 1 . 1 1 . . . . . 1 . 1 . . . 1 . . . . . 1 1 . Unknown Exits Taken 17 | 1 1 1 1 1 1 . . . . . . . . . . 1 1 1 . . . . . 1 1 1 . 1 1 1 1 1 . . . Scrap Searched 14 | . . 1 . 1 . . . . . . . . . . 4 1 . 1 . . . . . 3 3 . . . . . . . . . . Spaces Dug 199 | . 4 17 5 . . . 4 24 . 31 3 1 27 . . . . . 7 . . 25 4 . 3 . . 8 . . . . . 4 32 Terrain Destroyed 702 | . 19 17 5 . . . 4 30 1 57 3 1 98 27 . . . . 7 . . 111 47 17 24 . 17 40 32 4 1 8 10 23 99 Melee 77 | . . . 5 . . . 3 4 . 11 3 1 10 . . . . . 7 . . 7 4 . . . . 3 . . . . . 3 16 Projectile 215 | . . . . . . . 1 6 1 . . . . . . . . . . . . 12 16 16 23 . 17 32 32 4 1 8 7 18 21 AOE 397 | . 19 17 . . . . . 20 . 46 . . 88 27 . . . . . . . 91 25 . . . . 5 . . . . . . 59 Terrain Rammed . | . . . . . . . . . . . . . . . . . . . . . . . . . . . . . . . . . . . . Walls Destroyed . | . . . . . . . . . . . . . . . . . . . . . . . . . . . . . . . . . . . . Machines Disabled . | . . . . . . . . . . . . . . . . . . . . . . . . . . . . . . . . . . . . Actions | -11 -10 -10 -9 -9 -9 -8 -8 -8 -8 -8 -8 -7 -7 -6 -6 -6 -6 -5 -5 -5 -5 -5 -5 -5 -5 -5 -4 -4 -4 -4 -4 -4 -3 -2 -1 --------- Run | Yrd Mat Min Mat Min Exi Min Mat Gar Mat Gar Mat Fac Gar Fac Low Low Dat Pro Fac Was Fac Gar Fac Upp Upp Zhi Pro Fac Ext Cet Arc Hub Res Res Acc Total 26014 | 83 936 1024 1434 581 297 390 1258 1358 644 1069 820 548 1175 522 683 323 109 378 535 296 373 1546 976 549 421 261 281 1222 1170 344 99 82 930 745 2552 Wait 3039 | 2 94 349 190 5 90 2 43 161 32 56 20 16 60 18 50 15 . 32 58 2 3 204 228 87 59 . 23 192 203 64 34 8 29 126 484 Move 20208 | 61 753 630 1069 555 205 377 1100 1018 543 899 710 492 951 475 610 290 101 293 432 281 346 1127 667 415 298 209 238 884 703 228 58 69 838 505 1778 Hop . | . . . . . . . . . . . . . . . . . . . . . . . . . . . . . . . . . . . . Pick Up 221 | 2 24 2 27 1 1 . 11 6 4 4 9 7 8 9 3 . . 3 6 . 3 15 7 2 . 7 . 10 10 10 2 . 7 5 16 Fast Attach 79 | 7 2 . . . . . . . 3 2 5 . 3 . . . 3 . . 3 2 7 1 . . 9 . 5 3 3 . . 4 . 17 Attach 95 | . . . 2 1 . . 4 2 . 5 2 2 1 3 . 1 1 . 3 . 1 7 3 1 5 2 . 13 . 1 . . 2 7 26 Detach 25 | . . . . . . . . . . . . . 2 . . . 1 . . . 1 3 1 . 2 6 . 2 . 2 . . 1 . 4 Swap 367 | 1 10 5 21 2 . . 22 27 7 16 7 9 20 4 . . . 3 7 4 3 29 13 14 14 . 6 31 21 6 1 . 15 21 28 Drop 226 | . 5 4 37 1 1 . 14 17 7 . 12 7 11 6 2 . 3 3 4 3 1 21 4 . . 10 . 6 5 16 2 . 11 1 12 Fire 1227 | 10 45 26 77 13 . 8 58 65 36 67 48 9 101 7 17 17 . 26 15 3 13 81 47 24 25 . 14 70 52 14 2 5 21 75 136 Melee 144 | . . . 5 1 . . 3 14 . 16 3 1 16 . . . . . 8 . . 23 4 . . 18 . 9 . . . . . 3 20 Ram . | . . . . . . . . . . . . . . . . . . . . . . . . . . . . . . . . . . . . Kick . | . . . . . . . . . . . . . . . . . . . . . . . . . . . . . . . . . . . . Crush 66 | . 3 8 6 2 . 3 3 . 12 . 4 5 . . . . . . 2 . . . 1 . . . . . 2 . . . 2 2 11 Escape Stasis 32 | . . . . . . . . 2 . 4 . . 2 . . . . . . . . . . . . . . . 4 . . . . . 20 Rewire 284 | . . . . . . . . 46 . . . . . . . . . 18 . . . 29 . 6 18 . . . 167 . . . . . . Trap . | . . . . . . . . . . . . . . . . . . . . . . . . . . . . . . . . . . . . Miscellaneous 1 | . . . . . . . . . . . . . . . 1 . . . . . . . . . . . . . . . . . . . . Route ------- -11/Scrapyard -10/Materials (discovered 4 exits: *Mat x3 / [*Min]) -10/Mines (discovered 3 exits: *Mat x2 / [*Sub]) -9/Materials (discovered 6 exits: *Mat x3 / *Min x2 / *Sto) -9/Mines (discovered 4 exits: *Mat x2 / *Exi / [*Zio]) -9/Exiles -8/Mines -8/Materials (discovered 4 exits: *Fac x3 / Gar) -8/Garrison (discovered 4 exits: *Mat x4) -8/Materials (discovered 4 exits: *Fac x3 / Gar) -8/Garrison (discovered 3 exits: *Mat x3) -8/Materials -7/Factory (discovered 3 exits: Fac x2 / Gar) -7/Garrison (discovered 3 exits: *Fac x3) -6/Factory -6/Lower Caves -6/Lower Caves (discovered 2 exits: *Fac / *Dat) -6/Data Miner -5/Proximity Caves -5/Factory (discovered 3 exits: *Fac / Upp x2) -5/Waste -5/Factory (discovered 2 exits: *Upp / Gar) -5/Garrison (discovered 3 exits: *Fac x3) -5/Factory (discovered 2 exits: *Fac / *Upp) -5/Upper Caves -5/Upper Caves -5/Zhirov -4/Proximity Caves -4/Factory -4/Extension (discovered 2 exits: *Res / *Cet) -4/Cetus (discovered 2 exits: *Res / [*Arc]) -4/Archives (discovered 2 exits: *Hub x2) -4/Hub_04(d) -3/Research (discovered 4 exits: *Res x3 / [*Qua]) -2/Research (discovered 3 exits: *Acc x3) -1/Access History --------- Turn | Location | Event 27 | -11/Scrapyard | Discovered new exit (range 16) 142 | -11/Scrapyard | Entered Materials 257 | -10/Materials | Discovered new exit (range 18) 312 | -10/Materials | Build established: Mutant 510 | -10/Materials | Central database locked down 878 | -10/Materials | Repaired Lgt. Treads 974 | -10/Materials | Discovered new exit (range 12) 1396 | -10/Materials | Discovered new exit (range 7) 1497 | -10/Materials | Discovered new exit (range 10) 2080 | -10/Materials | Entered Mines 2160 | -10/Mines | Discovered new exit (range 13) 2340 | -10/Mines | Discovered new exit (range 3) 2554 | -10/Mines | Found DCF Scrap (12 items) 2555 | -10/Mines | Assembled infested the area 2560 | -10/Mines | Assisted by a Guerilla fighting off Assembled 2933 | -10/Mines | Learned Materials interactive machine intel 3160 | -10/Mines | Discovered new exit (range 11) 3335 | -10/Mines | Assisted by bots powering up and referring to "LRC-V3" 4040 | -10/Mines | Entered Materials 4040 | -9/Materials | Accompanied by 3 allies 4040 | -9/Materials | Evolved 2 slots: Propulsion x1, Weapon x1 4041 | -9/Materials | Loaded intel: 18 interactive machine locations 4425 | -9/Materials | Repaired Hvy. Assault Rifle+ 4534 | -9/Materials | Discovered new exit (range 4) 4932 | -9/Materials | Build established: Scavenger-Gunner 5147 | -9/Materials | Discovered new exit (range 11) 5399 | -9/Materials | Learned Storage trap positions 5409 | -9/Materials | Discovered new exit (range 15) 5462 | -9/Materials | Discovered new exit (range 11) 5465 | -9/Materials | Identified exit to Materials 5465 | -9/Materials | Identified exit to Storage 5519 | -9/Materials | Learned 4 Recycling zone layouts 5564 | -9/Materials | Learned Storage security intel 5597 | -9/Materials | Repaired Katana 5599 | -9/Materials | Learned location of Zion (-7) 5625 | -9/Materials | Learned location of Mines (-8) 5702 | -9/Materials | Learned location of 1 exit from Recycling 5748 | -9/Materials | Learned 2 Storage zone layouts 5805 | -9/Materials | Learned Storage trap positions 5968 | -9/Materials | Core integrity fell below 50% 6275 | -9/Materials | Entered Mines 6276 | -9/Mines | Met a Derelict bent on vengeance 6342 | -9/Mines | A Derelict revealed a hidden shortcut to a safe place 6566 | -9/Mines | YI-UF0 nonchalantly dropped a Grenade Launcher on the ground 6616 | -9/Mines | Learned Materials stockpile data 6717 | -9/Mines | Found a Scrap Suit stashed away for nefarious purposes 6847 | -9/Mines | Discovered exit to Materials (range 9) 6972 | -9/Mines | Discovered exit to Materials (range 5) 7024 | -9/Mines | Excavation squad dispatched 7024 | -9/Mines | A large section of the Mines collapsed 7109 | -9/Mines | Found the Drone Emporium 7119 | -9/Mines | Found Prototype Device 7214 | -9/Mines | Deemed a non-threat by the Exiles lab entrance 7216 | -9/Mines | Discovered new exit (range 5) 7222 | -9/Mines | Entered Exiles 7262 | -9/Exiles | Met 8R-AWN 7288 | -9/Exiles | Met EX-HEX 7334 | -9/Exiles | Met EX-BIN 7352 | -9/Exiles | Aligned with FarCom system 7354 | -9/Exiles | Given EX-Vault access code 7390 | -9/Exiles | Opened EX-Vault 7402 | -9/Exiles | Found Modified TNC 7432 | -9/Exiles | Warned to stay clear of 0b10 Research branches 7457 | -9/Exiles | Exiles lab attacked by MAIN.C 7538 | -9/Exiles | Discovered new exit (range 10) 7642 | -9/Exiles | Left Exiles lab with Modified TNC 7642 | -9/Exiles | Entered Mines 7936 | -8/Mines | Build established: Scavenger-Skirmisher 8138 | -8/Mines | Discovered exit to Materials (range 3) 8278 | -8/Mines | Entered Materials 8278 | -8/Materials | Evolved 2 slots: Utility x1, Weapon x1 8278 | -8/Materials | Identified Splice Drone Bay 8303 | -8/Materials | Identified exit to Garrison 8380 | -8/Materials | Garrison activated, responded to threat 8617 | -8/Materials | Identified exit to Factory 8633 | -8/Materials | Central database locked down 9230 | -8/Materials | Build established: Scavenger-Gunner 10041 | -8/Materials | Learned 12 Factory zone layouts 10061 | -8/Materials | Learned location of Lower Caves (-6) 10073 | -8/Materials | Learned Factory fabricator intel 10084 | -8/Materials | Learned location of 1 exit from Recycling 10104 | -8/Materials | Learned Storage trap positions 10299 | -8/Materials | Entered Garrison 10306 | -8/Garrison | Triggered checkpoint 10689 | -8/Garrison | Garrison Relay disabled 10774 | -8/Garrison | Triggered checkpoint 10868 | -8/Garrison | Discovered new exit (range 14) 10883 | -8/Garrison | Triggered checkpoint 10892 | -8/Garrison | Discovered new exit (range 6) 11075 | -8/Garrison | Triggered checkpoint 11093 | -8/Garrison | Garrison Relay disabled 11245 | -8/Garrison | Triggered checkpoint 11304 | -8/Garrison | Lost 3 allies 11314 | -8/Garrison | Garrison Relay disabled 11368 | -8/Garrison | Discovered new exit (range 15) 11487 | -8/Garrison | Triggered checkpoint 11512 | -8/Garrison | Triggered checkpoint 11680 | -8/Garrison | Discovered new exit (range 13) 11917 | -8/Garrison | Triggered checkpoint 11945 | -8/Garrison | Garrison Relay disabled 12266 | -8/Garrison | Attempted to access garrison exit controls, blocked by remote lockdown 12343 | -8/Garrison | Build established: Gunner 12587 | -8/Garrison | Entered Materials 12587 | -8/Materials | Accompanied by 2 allies 12636 | -8/Materials | Central database locked down 12987 | -8/Materials | First assault squad dispatched 13007 | -8/Materials | Discovered exit to Factory (range 16) 13678 | -8/Materials | Identified exit to Garrison 13683 | -8/Materials | Entered Garrison 13895 | -8/Garrison | Triggered checkpoint 14016 | -8/Garrison | Garrison Relay disabled 14125 | -8/Garrison | Triggered checkpoint 14437 | -8/Garrison | Discovered new exit (range 11) 14532 | -8/Garrison | Garrison Relay disabled 14613 | -8/Garrison | Triggered checkpoint 14680 | -8/Garrison | Discovered new exit (range 15) 14887 | -8/Garrison | Triggered checkpoint 14940 | -8/Garrison | Garrison Relay disabled 15007 | -8/Garrison | Triggered checkpoint 15224 | -8/Garrison | Discovered new exit (range 13) 15279 | -8/Garrison | Triggered checkpoint 15356 | -8/Garrison | Garrison Relay disabled 15377 | -8/Garrison | Triggered checkpoint 15647 | -8/Garrison | Entered Materials 16047 | -8/Materials | First assault squad dispatched 16137 | -8/Materials | Destroyed 7 combat bots 16273 | -8/Materials | Discovered exit to Factory (range 13) 17133 | -8/Materials | Entered Factory 17133 | -7/Factory | Evolved 2 slots: Propulsion x1, Utility x1 17134 | -7/Factory | Identified exit to Factory 17135 | -7/Factory | Loaded intel: 6 fabricator locations 17192 | -7/Factory | Build established: Scientist-Gunner 17789 | -7/Factory | Build established: Gunner 18009 | -7/Factory | Identified exit to Garrison 18009 | -7/Factory | Entered Garrison 18177 | -7/Garrison | Triggered checkpoint 18444 | -7/Garrison | Phase Generator disabled 18473 | -7/Garrison | Triggered checkpoint 18616 | -7/Garrison | Destroyed 10 combat bots 18623 | -7/Garrison | Discovered exit to Factory (range 13) 18685 | -7/Garrison | Triggered checkpoint 18757 | -7/Garrison | Garrison Relay disabled 18917 | -7/Garrison | Discovered exit to Factory (range 13) 19121 | -7/Garrison | Triggered checkpoint 19347 | -7/Garrison | Triggered checkpoint 19406 | -7/Garrison | Discovered exit to Factory (range 12) 19496 | -7/Garrison | Garrison Relay disabled 19772 | -7/Garrison | Attempted to access garrison exit controls, blocked by remote lockdown 19893 | -7/Garrison | Entered Factory 19893 | -6/Factory | Evolved 2 slots: Utility x2 20169 | -6/Factory | Discovered new exit (range 15) 20612 | -6/Factory | Identified exit to Lower Caves 20659 | -6/Factory | Central database locked down 20704 | -6/Factory | Entered Lower Caves 20996 | -6/Lower Caves | Attracted the attention of an 0b10 checkpoint 21014 | -6/Lower Caves | Met a Warlord Commander 21015 | -6/Lower Caves | Learned location of Warlord (-4) 21016 | -6/Lower Caves | Warlord Commander delivered Encrypted Comm Array 21018 | -6/Lower Caves | Found Encrypted Comm Array 21071 | -6/Lower Caves | Activated DRS Beacon 21171 | -6/Lower Caves | Encountered a Warlord checkpoint 21212 | -6/Lower Caves | Learned Factory security intel 21455 | -6/Lower Caves | Found DCF Scrap (12 items) 21542 | -6/Lower Caves | Identified exit to Lower Caves 21767 | -6/Lower Caves | Entered another Lower Caves area 21772 | -6/Lower Caves | Discovered new exit (range 14) 22052 | -6/Lower Caves | Spotted B-75 Beast 22074 | -6/Lower Caves | Destroyed B-75 Beast 22201 | -6/Lower Caves | Discovered new exit (range 10) 22280 | -6/Lower Caves | Entered Data Miner 22283 | -6/Data Miner | Discovered new exit (range 6) 22313 | -6/Data Miner | Met Data Miner 22353 | -6/Data Miner | Learned location of Section 7 (-2) 22353 | -6/Data Miner | Acquired the access code to Warlord's prototype stash 22383 | -6/Data Miner | Received God Mode back door access code from Data Miner 22450 | -6/Data Miner | Entered Proximity Caves 22489 | -5/Proximity Caves | Attracted the attention of an 0b10 outpost 22545 | -5/Proximity Caves | Destroyed 9 combat bots 23012 | -5/Proximity Caves | Discovered new exit (range 6) 23026 | -5/Proximity Caves | Entered Factory 23026 | -5/Factory | Evolved 2 slots: Utility x1, Weapon x1 23281 | -5/Factory | Discovered new exit (range 11) 23601 | -5/Factory | Identified exit to Upper Caves 23843 | -5/Factory | Sucked down chute 23843 | -5/Factory | Entered Waste 23843 | -5/Waste | The area was eerily silent 24109 | -5/Waste | Discovered new exit (range 16) 24312 | -5/Waste | Entered Factory 24631 | -5/Factory | Discovered exit to Upper Caves (range 6) 24776 | -5/Factory | Identified exit to Garrison 24871 | -5/Factory | Garrison activated, responded to threat 24904 | -5/Factory | Entered Garrison 25045 | -5/Garrison | Destroyed 7 combat bots 25056 | -5/Garrison | Triggered checkpoint 25090 | -5/Garrison | Garrison Relay disabled 25216 | -5/Garrison | Triggered checkpoint 25216 | -5/Garrison | Triggered checkpoint 25478 | -5/Garrison | Garrison Relay disabled 25533 | -5/Garrison | Discovered new exit (range 12) 25585 | -5/Garrison | Triggered checkpoint 25637 | -5/Garrison | Garrison Relay disabled 25868 | -5/Garrison | Triggered checkpoint 26092 | -5/Garrison | Garrison Relay disabled 26132 | -5/Garrison | Discovered new exit (range 15) 26334 | -5/Garrison | Phase Generator disabled 26539 | -5/Garrison | Spotted B-75 Beast 26545 | -5/Garrison | Destroyed B-75 Beast 26744 | -5/Garrison | Discovered new exit (range 10) 26817 | -5/Garrison | Triggered checkpoint 26864 | -5/Garrison | Triggered checkpoint 26891 | -5/Garrison | Garrison Relay disabled 27085 | -5/Garrison | Triggered checkpoint 27137 | -5/Garrison | Garrison Relay disabled 27139 | -5/Garrison | Lost 3 allies 27269 | -5/Garrison | Entered Factory 27569 | -5/Factory | First assault squad dispatched 27634 | -5/Factory | Discovered new exit (range 6) 27874 | -5/Factory | Identified exit to Factory 28091 | -5/Factory | Fabricated Hyp. Railgun (x2) 28329 | -5/Factory | Discovered exit to Upper Caves (range 8) 28694 | -5/Factory | Entered Upper Caves 28695 | -5/Upper Caves | Encountered a Warlord checkpoint 28723 | -5/Upper Caves | Learned Factory emergency access door positions 28740 | -5/Upper Caves | Entered a destroyed Warlord outpost 28895 | -5/Upper Caves | Destroyed 8 combat bots 29066 | -5/Upper Caves | Attracted the attention of an 0b10 checkpoint 29296 | -5/Upper Caves | Attacked by a faux Warlord 29465 | -5/Upper Caves | Discovered new exit (range 6) 29686 | -5/Upper Caves | Entered another Upper Caves area 29686 | -5/Upper Caves | Accompanied by 2 allies 29731 | -5/Upper Caves | Learned location of Armory (-3) 29822 | -5/Upper Caves | Attracted the attention of an 0b10 checkpoint 30133 | -5/Upper Caves | Attracted the attention of an 0b10 outpost 30213 | -5/Upper Caves | Destroyed 9 combat bots 30403 | -5/Upper Caves | Spotted B-75 Beast 30425 | -5/Upper Caves | Destroyed B-75 Beast 30500 | -5/Upper Caves | Discovered new exit (range 14) 30524 | -5/Upper Caves | Entered Zhirov 30524 | -5/Zhirov | Discovered new exit (range 3) 30555 | -5/Zhirov | Met Zhirov 30634 | -5/Zhirov | Learned location of Quarantine (-3) 30634 | -5/Zhirov | Learned location of Testing (-2) 30634 | -5/Zhirov | Learned location of Command (-1) 30648 | -5/Zhirov | Zhirov requested help retrieving the SGEMP Prototype 30679 | -5/Zhirov | Found Alien Artifact 30679 | -5/Zhirov | Identified Integrated Reactor 30679 | -5/Zhirov | Installed Integrated Reactor, increased core energy generation (+10) 30698 | -5/Zhirov | Found Alien Artifact 30824 | -5/Zhirov | Build established: Mutant 30951 | -5/Zhirov | Entered Proximity Caves 30965 | -4/Proximity Caves | Attracted the attention of an 0b10 checkpoint 31057 | -4/Proximity Caves | Spotter reported a threat 31096 | -4/Proximity Caves | Destroyed 8 combat bots 31234 | -4/Proximity Caves | Build established: Gunner 31379 | -4/Proximity Caves | Discovered exit to Factory (range 4) 31406 | -4/Proximity Caves | Entered Factory 31406 | -4/Factory | Evolved 2 slots: Propulsion x1, Utility x1 32406 | -4/Factory | First assault squad dispatched 32986 | -4/Factory | Build established: Scientist-Gunner 33185 | -4/Factory | Lost 3 parts (1p2w) 33490 | -4/Factory | Discovered new exit (range 6) 33527 | -4/Factory | Entered Extension 33685 | -4/Extension | Rescued a captive Derelict 33688 | -4/Extension | Rescued a captive Derelict 33716 | -4/Extension | Rescued a captive Derelict 33716 | -4/Extension | Rescued a captive Derelict 33810 | -4/Extension | Local machine network offline 33839 | -4/Extension | Build established: Scientist-Tank 33870 | -4/Extension | Lost 3 allies 33899 | -4/Extension | Rescued A7 34412 | -4/Extension | Spotted B-86 Titan 34422 | -4/Extension | Destroyed B-86 Titan 34438 | -4/Extension | Spotted B-86 Titan 34444 | -4/Extension | Destroyed B-86 Titan 34449 | -4/Extension | Lost 3 allies 34474 | -4/Extension | Build established: Commander-Tank 34527 | -4/Extension | First assault squad dispatched 34555 | -4/Extension | Rescued a captive Derelict 34555 | -4/Extension | Rescued a captive Derelict 34675 | -4/Extension | Destroyed 7 combat bots 34692 | -4/Extension | Rescued a captive Derelict 34693 | -4/Extension | Rescued a captive Derelict 34883 | -4/Extension | Rescued a captive Derelict 35135 | -4/Extension | Lost 5 allies 35147 | -4/Extension | Discovered new exit (range 10) 35149 | -4/Extension | Discovered new exit (range 6) 35254 | -4/Extension | Entered Cetus 35254 | -4/Cetus | Accompanied by 13 allies (A7) 35259 | -4/Cetus | Acquired a Cetus Manufacturing Module code from A7 35280 | -4/Cetus | Spotted Cetus Guard 35280 | -4/Cetus | Destroyed Cetus Guard 35281 | -4/Cetus | Spotted Cetus Guard 35283 | -4/Cetus | Spotted Cetus Guard 35288 | -4/Cetus | Destroyed Cetus Guard 35294 | -4/Cetus | Allies destroyed Cetus Guard 35294 | -4/Cetus | Allies destroyed Cetus Guard 35388 | -4/Cetus | Started Cetus Manufacturing Module 35413 | -4/Cetus | Manufactured an Enhanced Grunt 35438 | -4/Cetus | Manufactured an Enhanced Grunt 35463 | -4/Cetus | Manufactured an Enhanced Grunt 35488 | -4/Cetus | Manufactured an Enhanced Grunt 35513 | -4/Cetus | Manufactured an Enhanced Grunt 35521 | -4/Cetus | Escorted A7 to Cetus Mainframe 35542 | -4/Cetus | Discovered new exit (range 16) 35568 | -4/Cetus | Spotted Cetus Guard 35568 | -4/Cetus | Destroyed Cetus Guard 35571 | -4/Cetus | Destroyed Cetus Guard 35574 | -4/Cetus | Spotted Cetus Guard 35574 | -4/Cetus | Spotted Cetus Guard 35579 | -4/Cetus | Allies destroyed Cetus Guard 35582 | -4/Cetus | Destroyed Cetus Guard 35598 | -4/Cetus | Discovered new exit (range 15) 35606 | -4/Cetus | Met Revision 17 35757 | -4/Cetus | Entered Archives 35757 | -4/Archives | Accompanied by 14 allies (A7) 35762 | -4/Archives | Received a hacking code to weaken MAIN.C 35811 | -4/Archives | Discovered new exit (range 15) 35833 | -4/Archives | Discovered new exit (range 16) 35897 | -4/Archives | Entered Hub_04(d) 35897 | -4/Hub_04(d) | Accompanied by 11 allies 35910 | -4/Hub_04(d) | Discovered new exit (range 16) 36033 | -4/Hub_04(d) | Entered Research 36033 | -3/Research | Accompanied by 8 allies 36033 | -3/Research | Evolved 2 slots: Propulsion x1, Utility x1 36233 | -3/Research | Revision forces began assault on 0b10 36256 | -3/Research | Met up with Revision 17++ 36356 | -3/Research | Lost 4 allies 36412 | -3/Research | Found Prototype Processor 36412 | -3/Research | Identified Exp. Melee Analysis Suite 36510 | -3/Research | Build established: Scavenger-Gunner 36599 | -3/Research | Identified exit to Research 36654 | -3/Research | Discovered new exit (range 8) 36676 | -3/Research | Spotted B-86 Titan 36678 | -3/Research | Destroyed B-86 Titan 36733 | -3/Research | Research terminal network offline 37273 | -3/Research | Spotted Executioner 37276 | -3/Research | Spotted Striker 37278 | -3/Research | Destroyed Executioner 37285 | -3/Research | Destroyed Striker 37311 | -3/Research | Found Prototype Processor 37311 | -3/Research | Identified Exp. Core Analyzer 37315 | -3/Research | Lost 6 allies 37319 | -3/Research | Found Prototype Processor 37319 | -3/Research | Identified Exp. Targeting Computer 37508 | -3/Research | Entered another Research area 37508 | -2/Research | Evolved 2 slots: Utility x1, Weapon x1 37803 | -2/Research | Build established: Scavenger-Executioner 37834 | -2/Research | Spotted B-90 Cyclops 37846 | -2/Research | Destroyed 12 combat bots 37998 | -2/Research | Identified exit to Access 38095 | -2/Research | Incoming investigation squad redirected 38251 | -2/Research | Destroyed 18 combat bots 38413 | -2/Research | Incoming investigation squad redirected 38704 | -2/Research | Entered Access 38704 | -1/Access | Evolved 2 slots: Utility x2 38950 | -1/Access | Lost 3 parts (2u1w) 39063 | -1/Access | Spotted B-99 Colossus 39704 | -1/Access | First assault squad dispatched 39723 | -1/Access | Incoming assault squad redirected 39834 | -1/Access | Spotted B-99 Colossus 39978 | -1/Access | Incoming assault squad redirected 39980 | -1/Access | Incoming assault squad redirected 40374 | -1/Access | Build established: Scavenger-Assassin 40423 | -1/Access | Spotted B-99 Colossus 40726 | -1/Access | Incoming assault squad redirected 40734 | -1/Access | Incoming assault squad redirected 40874 | -1/Access | Build established: Scavenger-Executioner 40970 | -1/Access | Incoming assault squad redirected 40981 | -1/Access | Incoming assault squad redirected 41224 | -1/Access | Lost 3 parts (2u1w) 41230 | -1/Access | Local machine network offline 41472 | -1/Access | Incoming assault squad redirected 41586 | -1/Access | Incoming assault squad redirected 41727 | -1/Access | Incoming assault squad redirected 41730 | -1/Access | Incoming assault squad redirected 41983 | -1/Access | Spotted B-99 Colossus 42188 | -1/Access | High security lockdown imminent 42235 | -1/Access | Destroyed 9 combat bots 42268 | -1/Access | High security lockdown engaged 42272 | -1/Access | System corruption reached 10% 42302 | -1/Access | Lost 14 parts (1p1n6u6w) 42350 | -1/Access | Identified Transdimensional Reconstructor 42350 | -1/Access | Warped through subspace 42380 | -1/Access | Lost 12 parts (1p3n4u4w) 42603 | -1/Access | Spotted Investigator 42603 | -1/Access | Scanned by Researcher 42613 | -1/Access | Core integrity fell below 50% 42623 | -1/Access | Core integrity fell below 20% 42626 | -1/Access | Destroyed by B-74 Champion with Powered Hammer Last Messages --------------- 42624_ E-15 Imp stasis bubble strength at 68. 42624_ Stasis bubble strength at 17. 42624_ U-05 Engineer lays Concrete. 42625_ C-45 Heavy ARC bursts open, deploying its payload. 42625_ G-73 Enforcer unfolds itself. 42625_ L-61 Swordsman unfolds itself. 42625_ G-73 Enforcer unfolds itself. 42625_ E-15 Imp unfolds itself. 42625_ Investigator unfolds itself. 42625_ Investigator: "PRIMARY THREAT IDENTIFIED. CONTAINMENT PROTOCOL APPLICABLE." 42625_ Held in stasis. 42625_ Investigator is analyzing... 42625_ E-15 Imp stasis bubble strength at 62. 42625_ Stasis bubble strength at 11. 42625_ U-05 Engineer lays Concrete. 42626_ W-44 Eye stasis bubble strength at 100. [Achievement: 50k Club] [Achievement: 75k Club] [Achievement: Rambo] Map ----- +----------------------------------------------------+ | ?????????????????????????????????????????????????? | | ?????????????????????????????????????????????????? | | ?????????????????????????????????????????????????? | | ?????????????????????????????????????????????????? | | ?????????????????????????????????????????????????? | | ?????????????????????????????????????????????????? | | ?????????????????????????????????????????????????? | | ?????????????????????????????????????????????????? | | ?????????????????????????????????????????????????? | | ?????????????????????????????????????????????????? | | ?????????????????????????????????????????????????? | | ?????????????????????????????????????????????????? | | ?????????????????????????????????????????????????? | | ???????????????###???????????????????????????????? | | ?############### ############?????????#??????????? | | ?? ######### ######?????? | | ? ????? | | % ????? | | ???? | | "" "" ???? | | ? """ u "" eg ???? | | ?? "F g """""" g % #??????? | | ???# """ % """""" g!!! #??????? | | ???# """* % i "" c!!! #??????? | | ???# """%! %[g "" ig!!! #??????? | | #### / mw! g gb@l #??????? | | "%%" %! ce lg% gbll #??????? | | "" g mi! #??????? | | %Cg!g! ;#########+####??????? | | # ## gg ##???????????????????? | | ####+### ^ #????????????????????? | | ## ^ g ##########????????????????????? | | =! ## #?????????????????????????????? | | ## #?????????????????????????????? | | ## ^ #?????????????????????????????? | | ## #?????????????????????????????? | | ! ####+###"###?????????????????????????????? | | ##???????????????????????????????? | | #????????????????????????????????? | | ## ### = #????????????????????????????????? | | ?## ###?# #????????????????????????????????? | | ??##????# = #????????????????????????????????? | | ????????#########????????????????????????????????? | | | | | | | | | | | | | | | +----------------------------------------------------+ Best States ------------- Heat Dissipation 83 Energy Generation 37 Energy Capacity 850 Matter Stores 300 Matter Capacity 300 Sight Range 23 Terrain Scan Range 20 Terrain Scan Density 10 Jamming Range 14 Corruption Block 15 Armor Coverage 900 Weapon Cycling 25 Phase Shifting 15 Evasion (%) 55 Targeting Accuracy 32 Target Analysis 8 Core Analysis 8 Armor Integrity Analysis 40 Recoil Reduction 6 Matter Filtering 30 Salvage Targeting 2 Offensive Hacking 14 Defensive Hacking 14 Authchip Count 1 Item Schematics ----------------- Cmb. Airjet | -9/Materials | Scanalyzed Huge Storage Unit | -8/Materials | Scanalyzed Enh. Autogun | -7/Factory | Scanalyzed Combat Drone Bay | -6/Data Miner | Free Lgt. Regenerative Plating | -6/Data Miner | Free Enh. Flexi-carbon Leg | -6/Data Miner | Free Imp. Matter Compressor | -6/Data Miner | Free Enh. Coil Gun | -6/Data Miner | Free Centrium Wheel | -6/Data Miner | Free Adv. Transmission Jammer | -6/Data Miner | Free Railgun | -6/Data Miner | Free Imp. Kinecellerator | -6/Data Miner | Free Lgt. Antimatter Reactor | -6/Data Miner | Free Adv. Point Defense System | -6/Data Miner | Free Adv. Launcher Guidance Computer | -6/Data Miner | Free Assault Drone Bay | -5/Zhirov | Free Exp. Heat Sink | -5/Zhirov | Free Exp. Optical Array | -5/Zhirov | Free Imp. Arc Thrower | -5/Zhirov | Free Robot Schematics ------------------ B-60 Warrior | -6/Data Miner | Free S-27 Virus | -6/Data Miner | Free A-15 Conveyor | -6/Data Miner | Free E-15 Imp | -6/Data Miner | Free Fabricated ------------ Hyp. Railgun | x2 | -5/Factory | Preloaded Repaired ---------- Lgt. Treads | 32% | -10/Materials Hvy. Assault Rifle | 31% | -9/Materials Katana | 56% | -9/Materials Studied --------- Hvy. Assault Rifle | -9/Materials | Hacked Lgt. Treads | -9/Materials | Hacked Assault Rifle | -9/Materials | Hacked Adv. Treads | -8/Materials | Hacked Imp. Treads | -8/Materials | Hacked Arm. Treads | -8/Materials | Hacked Hvy. Flail | -8/Materials | Hacked Imp. Ion Engine | -8/Materials | Hacked Gauss Rifle | -7/Factory | Hacked Lgt. Fission Core | -6/Factory | Hacked Mic. Nuclear Core | -6/Factory | Hacked Hvy. Machine Gun | -5/Factory | Hacked Imp. Medium Treads | -5/Factory | Hacked Power Sword | -5/Factory | Hacked Railgun | -4/Factory | Hacked Imp. Heavy Treads | -4/Factory | Hacked Hardcell Cannon | -4/Factory | Hacked Coil Gun | -4/Factory | Hacked Lrn. Missile Launcher | -4/Factory | Hacked Adv. Heavy Siege Treads | -2/Research | Hacked Quantum Reactor | -2/Research | Hacked Alien Tech Used ----------------- Integrated Reactor Transdimensional Reconstructor Achievements -------------- 50k Club 75k Club Deadly Precision Giant Slayer I Have Friends Everywhere Like A Rock Rambo Tank Life Turtlemind Challenges ------------ None Game ------ Seed TiamatDrainedBrace Manual? 0 Play Time 05:07:58 Cumulative 238.2 hours Start 2025.11.18 @ 22:27:10 End 2025.11.19 @ 22:42:28 Sessions 3 Manual Loads 0 Difficulty Rogue Special Mode None Game No. 183 Rogue 183 Adventurer 0 Explorer 0 Win Type - Total 6 Types 4/0/0/2/0/0/0/0/0/0 Lore% 76 Gallery% 69 Achievement% 54 Wizard Run 0 Options --------- Layout 0 ASCII 0 Keyboard 1 Movement Numpad Keybinds 0 Fullscreen 1 Font 24/Terminus Map View 76x50 Zoom Use 0% Tactical HUD 1 Map Filters NONE Filters NONE Steam 1 RUN: 9b9cb145-0141-47cb-970e-b7762341ffc8